 Dungeon Crawl Stone Soup version 0.25-a0-265-g7af84ae0ac (webtiles) character file.

Game seed: 17514120975208452497, levelgen mode: deterministic

1092298 Redear the Hoplite (level 27, -9/201 HPs)
             Began as an Octopode Fighter on Dec 7, 2019.
             Was a Favourite Plaything of Xom.
             Mangled by an emperor scorpion (21 damage)
             ... on level 20 of a ziggurat on Dec 8, 2019.
             The game lasted 08:10:06 (81424 turns).

Redear the Hoplite (Octopode Fighter)              Turns: 81424, Time: 08:10:07

Health: -9/201     AC: -1    Str: 31      XL:     27
Magic:  0/61       EV: 38    Int: 26      God:    Xom [.....*]
Gold:   10074      SH: 41    Dex: 33 (34) Spells: 3/66 levels left

rFire    + . .     SeeInvis +   x - +18 lance "Wyrmbane" {slay drac, rPois rF+ rC+ AC+3}
rCold    + + .     Gourm    .   n - +8 large shield of Ones {MR+ Str-2 Int+4 Slay+2}
rNeg     + + .     Faith    .   d - +3 hat of Pondering {ponderous, MR+ MP+10 Int+5}
rPois    +         Spirit   +   k - amulet "Qymu" {Spirit Int+3 SInv Stlth-}
rElec    +         Reflect  .   C - ring of Gaokaf {rElec MR+ Dex+8}
rCorr    +         Harm     .   o - +6 ring of strength
MR       +++++     Clarity  +   y - +4 ring of slaying
Stlth    +++++++++.             P - ring of Ashenzari's Delight {rN+ Str+2 Int-2 Slay+6 Stlth+}
HPRegen  0.43/turn              i - ring of Besev {rC+ MP+9}
MPRegen  0.37/turn              S - ring of Incredulity {+Fly rC+ rN+ Dex+2}
                                g - ring "Eweek" {rC- MR+++ Str+9 Stlth+}
                                W - ring of Cugais {rCorr Dex+6}

@: lethally poisoned (-9 -> -27), corroded, hasted and slowed, slow
A: almost no armour, stealthy swim, amphibious, 8 rings, constrict 8, beak,
tentacle spike 3, large bone plates 1, camouflage 2, blurry vision 1, clarity,
deterioration 1, low mp 1, screaming 1, electricity resistance, wild magic 3,
gelatinous body 1
}: 8/15 runes: decaying, serpentine, silver, iron, obsidian, icy, bone, abyssal
a: Renounce Religion, Evoke Flight


You were on level 20 of a ziggurat.
You worshipped Xom.
You were Xom's teddy bear.
You were not hungry.

You visited 16 branches of the dungeon, and saw 80 of its levels.
You visited the Abyss 3 times.
You visited 1 ziggurat, and saw 20 of its levels.
You also visited: Desolation.

You collected 14945 gold pieces.
You spent 4871 gold pieces at shops.

Inventory:

Hand Weapons
 x - the +18 lance "Wyrmbane" (weapon) {slay drac, rPois rF+ rC+ AC+3}
   (You found it on level 1 of the Snake Pit)

   It affects your AC (+3).
   It protects you from fire.
   It protects you from cold.
   It protects you from poison.
Armour
 d - the +3 hat of Pondering (worn) {ponderous, MR+ MP+10 Int+5}
   (You found it on level 3 of the Depths)

   It affects your intelligence (+5).
   It affects your resistance to hostile enchantments.
   It affects your magic capacity (+10).
 n - the +8 large shield of Ones (worn) {MR+ Str-2 Int+4 Slay+2}
   (Xom gifted it to you on level 13 of the Dungeon)

   It affects your strength (-2).
   It affects your intelligence (+4).
   It affects your accuracy and damage with ranged weapons and melee attacks
   (+2).
   It affects your resistance to hostile enchantments.
Magical Staves
 m - an uncursed staff of wizardry {Wiz+}
Jewellery
 b - the ring "Yfoebbea" {MP+9 Int+5}
   (You found it on level 17 of a ziggurat)

   [ring of magical power]

   It affects your intelligence (+5).
   It affects your magic capacity (+9).
 c - an uncursed ring of protection from cold {rC+}
 f - an uncursed ring of protection from fire {rF+}
 g - the ring "Eweek" (on tentacle) {rC- MR+++ Str+9 Stlth+}
   (You acquired it on level 1 of the Orcish Mines)

   [ring of stealth]

   It affects your strength (+9).
   It makes you vulnerable to cold.
   It affects your resistance to hostile enchantments.
   It makes you more stealthy.
 i - the ring of Besev (on tentacle) {rC+ MP+9}
   (You found it in the Desolation of Salt)

   [ring of protection from cold]

   It protects you from cold.
   It affects your magic capacity (+9).
 k - the amulet "Qymu" (around mantle) {Spirit Int+3 SInv Stlth-}
   (You acquired it on level 1 of the Orcish Mines)

   [amulet of guardian spirit]

   It causes incoming damage to be split between your health and magic.
   It affects your intelligence (+3).
   It lets you see invisible.
   It makes you less stealthy.
 l - the amulet "Qeaj" {+Rage Str+2 SInv}
   (You found it on level 14 of a ziggurat)

   [amulet of rage]

   It affects your strength (+2).
   It lets you see invisible.
   It lets you go berserk.
 o - a +6 ring of strength (right tentacle)
 q - the amulet "Pucsoufa" {RegenMP SInv}
   (You took it off a vampire mage on level 1 of the Depths)

   [amulet of magic regeneration]

   It increases your magic regeneration.
   It lets you see invisible.
 r - an uncursed amulet of regeneration {+Regen}
 t - the ring of Peqyce {+Fly Int+3 Dex+3}
   (You took it off a crimson imp on level 4 of the Depths)

   [ring of flight]

   It affects your intelligence (+3).
   It affects your dexterity (+3).
   It lets you fly.
 v - an uncursed ring of positive energy {rN+}
 y - a +4 ring of slaying (on tentacle)
 C - the ring of Gaokaf (left tentacle) {rElec MR+ Dex+8}
   (You found it on level 13 of a ziggurat)

   [ring of protection from magic]

   It affects your dexterity (+8).
   It insulates you from electricity.
   It affects your resistance to hostile enchantments.
 E - an uncursed ring of ice {rC+ rF-}
 P - the ring of Ashenzari's Delight (on tentacle) {rN+ Str+2 Int-2 Slay+6 Stlth+}
   (You acquired it on level 2 of a ziggurat)

   [ring of positive energy]

   It affects your strength (+2).
   It affects your intelligence (-2).
   It affects your accuracy and damage with ranged weapons and melee attacks
   (+6).
   It protects you from negative energy.
   It makes you more stealthy.
 S - the ring of Incredulity (on tentacle) {+Fly rC+ rN+ Dex+2}
   (You found it on level 19 of a ziggurat)

   [ring of flight]

   It affects your dexterity (+2).
   It protects you from cold.
   It protects you from negative energy.
   It lets you fly.
 W - the ring of Cugais (on tentacle) {rCorr Dex+6}
   (You found it on level 1 of the Snake Pit)

   [ring of resist corrosion]

   It affects your dexterity (+6).
   It provides partial protection from all sources of acid and corrosion.
Wands
 A - a wand of acid (39)
 D - a wand of digging (7)
 I - a wand of iceblast (49)
 O - a wand of clouds (19)
Scrolls
 e - 12 scrolls of enchant weapon
 s - 6 scrolls of holy word
 u - 6 scrolls of fear
 B - 3 scrolls of blinking {@r4}
 F - 9 scrolls of fog
 M - 15 scrolls of magic mapping
 N - 33 scrolls of remove curse {@r2}
 R - 17 scrolls of identify {@r1}
 T - 24 scrolls of teleportation {@r3}
 Z - 4 scrolls of silence
Potions
 a - 5 potions of brilliance {Archmagi Int+5 Wiz++}
 h - 10 potions of lignification
 j - 4 potions of might {Str+5 DMG+1d10 | @q3}
 p - 5 potions of ambrosia
 w - 4 potions of heal wounds {@q1}
 G - 4 potions of berserk rage
 H - 8 potions of haste {@q5}
 J - 4 potions of agility {Stlth+ Dex+5 EV+5 | @q4}
 K - 11 potions of mutation {!q}
 Q - 9 potions of curing {@q2}
 V - a potion of resistance {rF+ rC+ rPois rElec rCorr}
 X - a potion of cancellation
 Y - a potion of invisibility
Miscellaneous
 L - 6 phantom mirrors
 U - 9 boxes of beasts
Comestibles
 z - 75 rations


   Skills:
 - Level 20.0 Fighting
   Level 6.3(10.5) Short Blades
   Level 12.8(13.3) Long Blades
 - Level 12.0 Polearms
 - Level 22.0 Dodging
 - Level 15.0 Stealth
 - Level 25.0 Shields
 - Level 20.0 Spellcasting
 - Level 4.0 Conjurations
 - Level 5.0 Hexes
 - Level 8.0 Charms
 - Level 12.1 Summonings
 - Level 23.4 Necromancy
 + Level 14.6 Translocations
 - Level 18.0 Transmutations
 - Level 4.1 Fire Magic
 - Level 8.0 Air Magic
 - Level 20.8 Earth Magic
 - Level 6.0 Poison Magic
 - Level 10.0 Evocations


You had 3 spell levels left.
You knew the following spells:

 Your Spells              Type           Power        Failure   Level  Hunger
a - Cause Fear            Hex            #######...   10%         4    None
b - Animate Skeleton      Necr           N/A          1%          1    None
c - Passwall              Tmut/Erth      ########     1%          2    None
d - Blink                 Tloc           N/A          1%          2    None
e - Lesser Beckoning      Tloc           ########..   1%          3    None
f - Deflect Missiles      Chrm/Air       #######...   28%         6    ##.....
g - Necromutation         Tmut/Necr      ########..   11%         8    ######.
h - Shroud of Golubria    Chrm/Tloc      ######       1%          2    None
i - Infestation           Necr           ########..   5%          8    ######.
j - Conjure Flame         Conj/Fire      ######..     6%          3    None
m - Mephitic Cloud        Conj/Pois/Air  #######.     4%          3    None
v - Borgnjor's Vile Clut  Necr/Erth      ########..   1%          5    None
y - Song of Slaying       Chrm           #######.     2%          2    None
A - Aura of Abjuration    Summ           ########..   3%          5    None
R - Regeneration          Chrm/Necr      ########..   1%          3    None
Y - Statue Form           Tmut/Erth      ########.    2%          6    ##.....

Your spell library contained the following spells:

 Spells                   Type           Power        Failure   Level  Hunger
 Beastly Appendage        Tmut           ######       1%          1    None
 Infusion                 Chrm           ####         1%          1    None
 Pain                     Necr           ####         1%          1    None
 Sandblast                Erth           ######       1%          1    None
 Sting                    Tmut/Pois      ####         1%          1    None
 Summon Butterflies       Summ           ########     1%          1    None
 Corpse Rot               Necr/Air       N/A          1%          2    None
 Sticks to Snakes         Tmut           ########     1%          2    None
 Sublimation of Blood     Necr           ########..   1%          2    None
 Call Canine Familiar     Summ           ########     1%          3    None
 Gell's Gravitas          Tloc           ########..   1%          3    None
 Recall                   Summ/Tloc      N/A          1%          3    None
 Spider Form              Tmut/Pois      ########..   1%          3    None
 Stone Arrow              Conj/Erth      ######       1%          3    None
 Teleport Other           Tloc           ########     1%          3    None
 Vampiric Draining        Necr           ########..   1%          3    None
 Shock                    Conj/Air       ####         2%          1    None
 Poisonous Vapours        Pois/Air       ######       2%          2    None
 Swiftness                Chrm/Air       #######.     2%          2    None
 Ignite Poison            Fire/Tmut/Pois #######.     2%          3    None
 Portal Projectile        Hex/Tloc       ######       2%          3    None
 Summon Guardian Golem    Hex/Summ       #######.     2%          3    None
 Confusing Touch          Hex            ######       3%          1    None
 Corona                   Hex            #######      3%          1    None
 Foxfire                  Conj/Fire      ####         3%          1    None
 Magic Dart               Conj           ####         3%          1    None
 Searing Ray              Conj           ######       4%          2    None
 Spectral Weapon          Hex/Chrm       #######.     4%          3    None
 Static Discharge         Conj/Air       #######.     4%          3    None
 Confuse                  Hex            #######.     5%          3    None
 Tukima's Dance           Hex            #######.     5%          3    None
 Ensorcelled Hibernation  Hex/Ice        ######       6%          2    None
 Dazzling Flash           Conj/Hex       ######       6%          3    None
 Inner Flame              Hex/Fire       #######.     6%          3    None
 Ozocubu's Armour         Chrm/Ice       ######..     6%          3    None
 Freeze                   Ice            ####         9%          1    None
 Animate Dead             Necr           N/A          1%          4    None
 Passage of Golubria      Tloc           N/A          1%          4    None
 Petrify                  Tmut/Erth      ########     1%          4    None
 Agony                    Necr           ########     1%          5    None
 Blade Hands              Tmut           ########..   1%          5    None
 Dispel Undead            Necr           ########     1%          5    None
 Excruciating Wounds      Chrm/Necr      ########..   1%          5    None
 Lee's Rapid Deconstruct  Erth           ########..   1%          5    None
 Hydra Form               Tmut           ########..   2%          6    ##.....
 Summon Lightning Spire   Summ/Air       #######.     3%          4    None
 Alistair's Intoxication  Tmut/Pois      ########     3%          5    None
 Summon Demon             Summ           ########..   3%          5    None
 Summon Forest            Summ/Tloc      ########..   3%          5    None
 Ice Form                 Ice/Tmut       #######.     4%          4    None
 Iskenderun's Mystic Bla  Conj/Tloc      #######.     4%          4    None
 Irradiate                Conj/Tmut      ########..   4%          5    None
 Yara's Violent Unravell  Hex/Tmut       ########..   4%          5    None
 Airstrike                Air            #######...   5%          4    None
 Dispersal                Tloc           ########..   5%          6    ##.....
 Borgnjor's Revivificati  Necr           ########..   5%          8    ######.
 Bolt of Magma            Conj/Fire/Erth #######...   6%          5    None
 Dragon Form              Tmut           ########..   6%          7    ####...
 Haunt                    Necr/Summ      ########..   6%          7    ####...
 Olgreb's Toxic Radiance  Pois           #######.     8%          4    None
 Summon Ice Beast         Ice/Summ       #######.     8%          4    None
 Summon Mana Viper        Hex/Summ       #######.     8%          5    None
 Eringya's Noxious Bog    Tmut/Pois      ########..   10%         6    ##.....
 Shadow Creatures         Summ           N/A          10%         6    ##.....
 Simulacrum               Ice/Necr       ########..   10%         6    ##.....
 Fulminant Prism          Conj/Hex       #######...   12%         4    None
 Sticky Flame             Conj/Fire      ######..     13%         4    None
 Silence                  Hex/Air        #######...   13%         5    None
 Iskenderun's Battlesphe  Conj/Chrm      #######.     14%         5    None
 Lightning Bolt           Conj/Air       #######...   14%         5    None
 Malign Gateway           Summ/Tloc      ########..   21%         7    ####...
 Fireball                 Conj/Fire      ######....   26%         5    None
 Monstrous Menagerie      Summ           ########..   28%         7    ####...
 Summon Greater Demon     Summ           ########..   28%         7    ####...
 Summon Hydra             Summ           ########..   28%         7    ####...
 Metabolic Englaciation   Hex/Ice        ######....   38%         5    None
 Death's Door             Chrm/Necr      ########..   41%         8    ######.
 Conjure Ball Lightning   Conj/Air       #######...   47%         6    ##.....
 Controlled Blink         Tloc           N/A          52%         8    ######.
 Disjunction              Tloc           ########..   52%         8    ######.
 Darkness                 Hex            #######...   58%         6    ##.....
 Invisibility             Hex            #######.     58%         6    ##.....
 Shatter                  Erth           ########..   58%         9    #######
 Freezing Cloud           Conj/Ice/Air   ######....   69%         6    ##.....
 Starburst                Conj/Fire      ######....   69%         6    ##.....
 Spellforged Servitor     Conj/Summ      #######...   71%         7    ####...
 Lehudib's Crystal Spear  Conj/Erth      ########..   80%         8    ######.
 Summon Horrible Things   Summ           ########..   82%         8    ######.
 Ring of Flames           Chrm/Fire      #######...   91%         7    ####...
 Ozocubu's Refrigeration  Ice            #####.....   99%         6    ##.....
 Chain Lightning          Conj/Air       #######...   100%        8    ######.
 Discord                  Hex            #######...   100%        8    ######.
 Ignition                 Fire           ######....   100%        8    ######.
 Dragon's Call            Summ           ########..   100%        9    #######
 Fire Storm               Conj/Fire      ######....   100%        9    #######
 Glaciate                 Conj/Ice       ######....   100%        9    #######
 Tornado                  Air            #######...   100%        9    #######


Dungeon Overview and Level Annotations

Branches:
Dungeon (15/15)            Temple (1/1) D:4            Lair (6/6) D:11
  Swamp (4/4) Lair:3        Snake (4/4) Lair:3        Slime (0/5) Lair:5
    Orc (2/2) D:9             Elf (3/3) Orc:2        Vaults (5/5) D:13
  Crypt (3/3) Vaults:2       Tomb (0/3) Crypt:3      Depths (5/5) D:15
   Hell (visited)             Dis (7/7) Hell            Geh (7/7) Hell
    Coc (7/7) Hell            Tar (7/7) Hell            Zot (5/5) Depths:5
Desolation (visited)

Altars:
Ashenzari
Cheibriados
Dithmenos
Elyvilon
Fedhas
Gozag
Hepliaklqana
Kikubaaqudgha
Makhleb
Nemelex Xobeh
Qazlal
Ru
Sif Muna
Vehumet
Wu Jian
Xom
Yredelemnul
Zin

Shops:
Orc:2 [:*(   Elf:1 (   Elf:2 *   Snake:2 *   Vaults:2 *:*   Vaults:3 [

Portals:
Hell: Depths:1 Depths:2 Depths:3 Depths:4 Depths:5
Abyss: Depths:1 Depths:2 Depths:4 Depths:5
Pandemonium: Depths:3

Annotations:
D:6 Aaksess's ghost, novice OgFE
D:9 3 runed translucent doors, D1HalberdGnoll's ghost, journeyman DrAE
Coc:7 exclusion: ice statue


Innate Abilities, Weirdness & Mutations

You cannot wear most types of armour.
You are very stealthy in the water. (Stealth+)
You are amphibious.
You can wear up to eight rings at the same time.
You can use your tentacles to constrict eight enemies at once.
Your skin blends seamlessly with your surroundings (Stealth++).
Your rubbery body absorbs attacks. (AC +1, EV +1)
You have a beak for a mouth.
One of your tentacles bears a large vicious spike.
You are partially covered in large bone plates. (SH +4)
Scrolls take you a little longer to read.
You possess an exceptional clarity of mind.
Your body sometimes deteriorates upon taking damage.
Your magical capacity is low. (-10% MP)
You occasionally shout uncontrollably at your foes.
You are resistant to electric shocks. (rElec)
Your spells are much harder to cast, but much more powerful.


Message History

The emperor scorpion completely misses you.
The emperor scorpion misses you.
The emperor scorpion completely misses you.
The emperor scorpion claws you!
* * * LOW HITPOINT WARNING * * *
You regained 7 hp, and now have 38/201 hp.
You feel much better.
You feel very sick. The demonic crawler misses you.
You block the demonic crawler's attack. x2
The emperor scorpion stings you!
* * * LOW HITPOINT WARNING * * *
You block the emperor scorpion's attack. x2
The emperor scorpion stings you!!
* * * LOW HITPOINT WARNING * * *
Your body deteriorates!
You feel clumsy. The emperor scorpion claws you.
* * * LOW HITPOINT WARNING * * *
The emperor scorpion claws you!!
You die...
Xom howls with laughter!

,.......%.....†..........▓
,
.........%.............▓▓
.......................▓
,..........†........%..▓▓
,,.........s........%..▓▓
**........sy†........▓▓▓
*▓.....s†.ww.s....%▓▓
▓▓▓▓...†sssw†..▓▓▓▓
▓▓▓▓▓▓@▓▓▓▓▓▓ ▓▓▓


You could see 2 emperor scorpions, a ghost moth (invisible), 3 torpor snails, a
demonic crawler, 3 orb spiders and a jumping spider.

Vanquished Creatures
  Asmodeus (Geh:7)
  Antaeus (Coc:7)
  Ereshkigal (Tar:7)
  the Serpent of Hell (Tar:7)
  Dispater (Dis:7)
  8 ancient liches
  3 orbs of fire
  Mara (Vaults:5)
  Mennas (Crypt:1)
  3 greater mummies
  A juggernaut (Zig:8)
  Sojobo (Vaults:5)
  Boris (twice) (Vaults:5 Crypt:2)
  7 Killer Klowns (Zot:5)
  Frederick (Vaults:4)
  12 shard shrikes
  Saint Roka (Elf:3)
  A curse toe (Zot:5)
  Margery (Crypt:3)
  2 caustic shrikes (Depths:3)
  7 golden dragons
  Jory (Vaults:5)
  2 profane servitors
  9 doom hounds
  13 bone dragons
  17 liches
  12 Brimstone Fiends
  11 iron giants
  24 Tzitzimimeh
  4 electric golems
  20 Ice Fiends
  8 Hell Sentinels
  13 tentacled monstrosities
  4 deep elf blademasters
  The ghost of Kaes the Peltast, an adept MiFi of Okawaru (Elf:2)
  2 deep elf master archers (Elf:3)
  2 acid blobs (Zig:18)
  4 titans
  6 quicksilver dragons
  25 Orb Guardians (Zot:5)
  6 eldritch tentacles
  A kraken (Abyss:5)
  8 death cobs
  2 Executioners
  5 tentacled starspawn
  8 ancient champions
  6 sphinxes
  Agnes (Snake:3)
  Murray (Depths:1)
  2 pandemonium lords
  4 thorn hunters
  13 tengu reavers
  8 storm dragons
  21 shadow dragons
  5 revenants
  Donald (Swamp:3)
  18 vault wardens
  9 draconian monks
  An azure jelly (Zig:18)
  18 nagarajas
  15 frost giants
  8 fire giants
  4 orc warlords
  An imperial myrmidon (Desolation)
  10 deep elf sorcerers
  Aizul (Snake:3)
  9 draconian scorchers
  9 balrugs
  12 draconian knights
  An angel (Abyss:1)
  3 emperor scorpions
  2 blood saints
  12 iron dragons
  14 ghost moths
  2 cacodemons
  12 draconian annihilators
  4 curse skulls
  25 war gargoyles
  11 draconian shifters
  3 draconian stormcallers
  5 deep elf elementalists
  29 very ugly things
  71 reapers
  7 ghouls
  A caustic shrike skeleton (Depths:3)
  2 spriggan defenders
  20 ironheart preservers
  16 stone giants
  A juggernaut skeleton (Crypt:2)
  An ophan (Abyss:1)
  10 green draconians
  12 vampire knights
  14 white draconians
  11 entropy weavers
  3 deep elf demonologists
  5 bennus (Zig:16)
  9 spark wasps
  11 purple draconians
  A corrupter (Zig:7)
  14 black draconians
  9 deep elf annihilators
  12 red draconians
  A dire elephant (Swamp:4)
  5 lorocyprocas
  8 yellow draconians
  5 halazid warlocks (Desolation)
  7 ettins
  12 blizzard demons
  11 eidola
  6 mummy priests
  A fire dragon (shapeshifter) (Vaults:5)
  10 deep elf death magi
  3 crystal guardians (Desolation)
  A green death (Dis:7)
  6 quicksilver dragon zombies
  9 great orbs of eyes
  4 ragged hierophants (Desolation)
  11 fire dragons
  A merfolk impaler (Depths:2)
  5 jiangshi
  5 quicksilver dragon skeletons
  3 deep elf high priests (Elf:3)
  2 kraken zombies
  An ice dragon (shapeshifter) (Depths:1)
  6 servants of whispers (Desolation)
  3 hell beasts
  7 spriggan air magi
  21 ice dragons
  31 vault guards
  A hydra (shapeshifter) (Swamp:4)
  8 peacekeepers (Desolation)
  17 yaktaur captains
  Fannar (D:12)
  23 hydras
  19 naga warriors
  A shambling mangrove (Abyss:5)
  A catoblepas (Vaults:2)
  A merfolk avatar (Lair:6)
  10 centaur warriors
  18 hell hogs
  2 ghost crabs
  A satyr (Depths:2)
  5 rakshasas
  10 anacondas
  2 two-headed ogres (shapeshifter)
  18 ogre magi
  7 tengu warriors
  32 two-headed ogres
  2 death yaks
  4 death knights
  15 alligators
  9 vampire magi
  7 deep troll shamans
  2 death scarabs (Zig:11)
  23 dancing weapons
  5 orc high priests
  A shock serpent (shapeshifter) (Vaults:5)
  6 thrashing horrors
  3 spriggan berserkers
  17 naga sharpshooters
  9 titan zombies
  19 deep elf knights
  3 deep troll earth magi
  9 iron golems
  16 soul eaters
  Nergalle (Lair:1)
  3 small abominations
  4 wretched stars
  8 sun demons
  8 shock serpents
  A fire crab (Abyss:5)
  A sixfirhy (Zig:9)
  50 hell knights
  4 titan skeletons
  A spatial maelstrom (Abyss:2)
  125 skeletal warriors
  7 storm dragon zombies
  16 iron trolls
  4 storm dragon skeletons
  2 sea snakes
  11 shadow wraiths
  36 deep trolls
  17 shadow demons
  2 ghost moth zombies
  8 golden dragon zombies
  11 wizards
  8 salamander mystics
  3 unseen horrors
  9 anaconda zombies
  3 spriggan druids
  10 naga ritualists
  5 shadow dragon zombies
  3 glowing orange brains
  7 flayed ghosts
  9 swamp dragons
  Pikel (D:8)
  14 deep elf archers
  A glowing orange brain (shapeshifter) (Depths:3)
  7 wolf spider zombies
  16 ironbrand convokers
  16 starcursed masses
  A kraken simulacrum (Coc:7)
  3 orange crystal statues
  3 harpies
  3 obsidian statues
  3 golden dragon skeletons
  16 orc knights
  9 anaconda skeletons
  A sphinx zombie (Vaults:2)
  5 orb spiders
  A wolf spider (shapeshifter) (Vaults:5)
  28 necromancers
  A shining eye (shapeshifter) (Vaults:2)
  28 phantasmal warriors
  13 mana vipers
  8 orc sorcerers
  12 frost giant zombies
  6 shadow dragon skeletons
  10 iron dragon zombies
  An orb spider (shapeshifter) (Vaults:3)
  69 deep elf magi
  6 cyclopes
  3 manticores
  54 ugly things
  3 oklob plants
  4 shining eyes
  18 salamanders
  10 wolf spiders
  A faun (Snake:4)
  A moth of wrath (shapeshifter) (Depths:3)
  8 stone giant zombies
  2 iron dragon skeletons
  A worldbinder (Abyss:1)
  8 fire giant zombies
  30 black mambas
  A manticore (shapeshifter) (Vaults:5)
  3 shock serpent zombies
  39 rust devils
  15 vault sentinels
  An apocalypse crab (Abyss:5)
  A black mamba (shapeshifter) (Vaults:1)
  3 frost giant skeletons
  A water nymph (shapeshifter) (Vaults:5)
  9 smoke demons
  33 moths of wrath
  A human skeleton (Vaults:2)
  4 stone giant skeletons
  10 guardian serpents
  A guardian serpent (shapeshifter) (Elf:2)
  12 elephants
  5 fire giant skeletons
  The ghost of hydraslayer the Thaumaturge, a novice DEFE of the Shining One (D:6)
  An eye of devastation (Zot:3)
  29 naga magi
  9 molten gargoyles
  20 spiny frogs
  8 torpor snails
  An orange demon (Zig:7)
  4 dire elephant zombies
  6 storm dragon simulacra (Coc:7)
  8 komodo dragons
  4 ice statues
  3 dire elephant skeletons
  An eye of devastation (shapeshifter) (Vaults:2)
  The ghost of Kagalorn the Caller, a novice DrSu of Ashenzari (D:6)
  Psyche (D:8)
  3 catoblepas zombies
  7 large abominations
  5 titan simulacra (Coc:7)
  3 gargoyles
  30 hellions
  An iron troll zombie (Crypt:2)
  An alligator snapping turtle skeleton (Crypt:2)
  2 emperor scorpion zombies
  5 rime drakes
  2 shock serpent skeletons
  A yaktaur (shapeshifter) (Vaults:2)
  2 efreet
  3 kobold demonologists
  A white draconian zombie (Crypt:1)
  43 tormentors
  5 anaconda simulacra
  8 demonic crawlers
  65 yaktaurs
  38 ice devils
  43 freezing wraiths
  7 guardian mummies
  3 ancient zymes
  21 red devils
  A golden dragon simulacrum (Coc:7)
  3 meliai (D:15)
  A wolf spider simulacrum (Coc:6)
  4 polar bears (Lair:6)
  7 trolls
  16 hydra zombies
  4 jumping spiders (Zig:19)
  10 tyrant leeches
  2 harpy skeletons
  A wind drake (shapeshifter) (Depths:3)
  14 hellwings
  54 slime creatures
  2 tengu conjurers
  A guardian serpent zombie (Crypt:1)
  A hornet (shapeshifter) (Depths:1)
  19 hornets
  8 dream sheep
  4 raiju (Abyss:5)
  17 bog bodies
  A slime creature (shapeshifter) (Vaults:5)
  13 blink frogs
  6 fire dragon zombies
  40 saltlings (Desolation)
  A dream sheep (shapeshifter) (Depths:4)
  9 hippogriffs
  A hippogriff (shapeshifter) (Depths:3)
  6 ettin zombies
  10 hydra skeletons
  5 ice dragon zombies
  4 ice dragon skeletons
  4 alligator zombies
  7 ettin skeletons
  6 fire dragon skeletons
  15 redbacks
  2 air elementals
  20 shadows
  An alligator skeleton (Coc:3)
  2 dire elephant simulacra (Coc:7)
  5 ynoxinuls
  24 water elementals
  34 yaks
  A vampire (D:11)
  89 flying skulls
  6 spriggans
  An elf zombie (Zig:11)
  8 fire bats
  18 fire elementals
  7 tarantellas
  33 wraiths
  3 ushabtiu
  4 yaks (shapeshifter)
  3 wyverns
  A golden eye (shapeshifter) (Lair:1)
  A golden eye (Zig:18)
  3 black mamba skeletons
  3 chaos spawn
  2 neqoxecs
  17 humans (D:13)
  4 hungry ghosts
  2 basilisks
  22 vampire mosquitoes
  42 nagas
  A naga (shapeshifter) (D:11)
  A merfolk zombie (Dis:7)
  14 swamp worms
  6 insubstantial wisps (Swamp:3)
  8 wargs
  A soldier ant (shapeshifter) (Vaults:4)
  2 spatial vortices (Abyss:2)
  3 acid dragons
  6 hydra simulacra
  An orb spider zombie (Crypt:1)
  A soldier ant (D:9)
  A floating eye (Depths:4)
  10 water moccasins
  10 spiny frog zombies
  66 hell hounds
  5 porcupines
  An infernal demonspawn skeleton (Crypt:1)
  3 spiny frog skeletons
  A human zombie (Vaults:4)
  12 swamp drakes
  6 ice beasts
  An ice dragon simulacrum (Hell)
  2 alligator simulacra
  An eye of draining (Abyss:1)
  2 slaves (D:8)
  6 snapping turtle zombies
  18 necrophages
  55 orc warriors
  A swamp dragon zombie (Crypt:1)
  3 sky beasts
  5 wolves (Lair:2)
  22 boggarts
  2 manticore zombies
  7 snapping turtle skeletons
  A boggart (shapeshifter) (Depths:3)
  2 manticore skeletons
  10 phantoms
  A swamp dragon skeleton (Crypt:3)
  52 ogres
  9 centaurs
  18 crocodiles
  A dream sheep skeleton (Crypt:2)
  2 big kobolds (Depths:2)
  A wyvern zombie (D:13)
  16 bullfrogs
  3 spiny frog simulacra
  An elf skeleton (Geh:2)
  3 earth elementals
  3 troll zombies
  6 scorpions
  26 killer bees
  9 wyvern skeletons (Crypt:3)
  49 wights
  10 howler monkeys
  An electric eel (Snake:4)
  6 centaur zombies
  17 crimson imps
  A bullfrog zombie (D:10)
  2 quasits (Abyss:1)
  A wyvern simulacrum (D:15)
  8 hounds
  5 jellies
  8 centaur skeletons
  A bullfrog skeleton (Crypt:1)
  17 orc priests
  26 iron imps
  Terence (D:2)
  An iguana (D:4)
  19 orc wizards
  6 worker ants
  A killer bee zombie (D:6)
  3 tengu zombies
  A tengu skeleton (Coc:1)
  2 hound skeletons
  16 mummies
  Robin (D:2)
  A gnoll (D:6)
  A howler monkey skeleton (D:6)
  16 adders
  9 river rats (D:6)
  12 shadow imps
  13 white imps
  An ufetubus (Abyss:4)
  2 oozes
  An adder skeleton (D:9)
  An iguana skeleton (Crypt:1)
  2 worms (D:3)
  3 dart slugs
  7 leopard geckos
  105 orcs
  3 ball pythons
  9 giant cockroaches
  14 goblins
  10 hobgoblins
  14 quokkas
  5 bats
  A frilled lizard (D:4)
  A giant cockroach zombie (Crypt:2)
  2 jackal skeletons
  3 kobolds
  3 orc skeletons
  18 rats
  2 plants (D:11)
  3 starspawn tentacles
  4 tentacles
  A withered plant (Crypt:3)
4217 creatures vanquished.

Vanquished Creatures (collateral kills)
  An ancient lich (Zig:17)
  5 greater mummies (Zig:16)
  Geryon (Hell)
  A bone dragon (Zig:17)
  5 acid blobs (Zig:18)
  An azure jelly (Zig:18)
  7 nagarajas
  2 revenants (Zig:17)
  An iron dragon (Zig:12)
  A draconian scorcher (Zig:13)
  2 draconian annihilators
  A blood saint (Zig:9)
  2 entropy weavers
  A very ugly thing (Depths:2)
  2 ironheart preservers
  A reaper (Tar:7)
  A bennu (Zig:16)
  A black draconian (Zig:13)
  A dire elephant (Lair:6)
  A yellow draconian (Zig:13)
  3 mummy priests (Zig:16)
  A blizzard demon (Zig:9)
  2 deep elf death magi (Zig:17)
  A death ooze (Zig:18)
  A green death (Zig:9)
  A kraken zombie (Coc:7)
  3 great orbs of eyes
  An ice dragon (Depths:2)
  A hydra (Lair:6)
  2 two-headed ogres (Vaults:3)
  2 death scarabs (Zig:16)
  4 naga sharpshooters
  A shock serpent (Zig:14)
  A soul eater (Tar:7)
  A golden dragon zombie (Zig:16)
  A flayed ghost (Zig:17)
  A shadow demon (Tar:7)
  A wizard (Vaults:3)
  A deep troll (Depths:1)
  A phantasmal warrior (Zig:17)
  A glowing orange brain (Zig:18)
  A golden dragon skeleton (Zig:16)
  3 orb spiders
  3 ugly things
  4 wolf spiders
  An orc sorcerer (Zig:8)
  3 salamanders
  2 shining eyes (Zig:18)
  A stone giant skeleton (Tar:7)
  8 black mambas
  An ice statue (Zig:10)
  A guardian serpent (Zig:14)
  6 naga magi
  2 hellions (Geh:7)
  An orange demon (Zig:9)
  A torpor snail (Zig:19)
  3 eyes of devastation (Zig:18)
  4 demonic crawlers
  5 guardian mummies
  A yaktaur (Vaults:3)
  A red devil (Hell)
  A troll (Zig:8)
  2 jumping spiders (Zig:19)
  A polar bear (Lair:6)
  A hornet (Zig:20)
  A hippogriff (shapeshifter) (Lair:6)
  13 slime creatures (Zig:18)
  2 flying skulls
  3 redbacks (Zig:20)
  A human (D:13)
  3 ushabtiu
  4 tarantellas
  5 yaks (D:10)
  A golden eye (Zig:18)
  4 vampire mosquitoes
  An elf skeleton (Zig:16)
  5 nagas
  A warg (Zig:8)
  A floating eye (Zig:18)
  A floating eye (shapeshifter) (Zig:8)
  3 orc warriors (Zig:8)
  3 eyes of draining (Zig:18)
  3 ogres
  2 orc priests (Zig:8)
  8 mummies
191 creatures vanquished.

Vanquished Creatures (others)
  2 liches
  An elemental wellspring (Coc:7)
  A deep elf annihilator (Elf:3)
  An ettin (Vaults:5)
  A crystal guardian (Zig:12)
  9 dancing weapons
  A death scarab (Zig:11)
  A vampire mage (Crypt:1)
  A soul eater (Hell)
  A skeletal warrior (Hell)
  The ghost of splatterpode the Firebug, a novice OpFE of Vehumet (D:6)
  2 necromancers
  A black mamba (Zig:14)
  2 hellions
  A gargoyle (Zig:12)
  3 red devils (Hell)
  A hydra zombie (Geh:7)
  A saltling (Desolation)
  A hydra skeleton (Coc:7)
  A flying skull (Tar:7)
  A redback (Zig:19)
  2 water elementals (Elf:2)
  2 wraiths
  A wyvern (D:11)
  A human (D:13)
  A water moccasin (D:11)
  A hell hound (Dis:7)
  A hound (D:11)
  A slave (D:8)
  An ogre (D:4)
  A bullfrog (D:11)
  A scorpion (D:11)
  3 wights (Geh:7)
  A starcursed mass (Zig:5)
  An orc priest (Orc:1)
  An orc wizard (Vaults:5)
  2 mummies (Zig:11)
  A shadow imp (Tar:7)
  A white imp (Coc:7)
  2 orcs (Orc:1)
  9 fungi
  2 pillars of salt (Elf:2)
  20 plants
  4 starspawn tentacles
  11 tentacles
  5 withered plants (Crypt:3)
110 creatures vanquished.

Grand Total: 4518 creatures vanquished

Notes
Turn   | Place    | Note
-------+----------+-------------------------------------------
     0 | D:1      | Redear the Octopode Fighter began the quest for the Orb.
     0 | D:1      | Reached XP level 1. HP: 16/16 MP: 1/1
   155 | D:1      | Reached skill level 1 in Stealth
   155 | D:1      | Reached XP level 2. HP: 7/21 MP: 2/2
   809 | D:2      | Reached XP level 3. HP: 22/26 MP: 3/3
   908 | D:2      | Reached skill level 2 in Stealth
  1388 | D:2      | Noticed Robin
  1437 | D:2      | Reached XP level 4. HP: 8/31 MP: 4/4
  1453 | D:2      | Killed Robin
  1695 | D:2      | Noticed Terence
  1702 | D:2      | Killed Terence
  1997 | D:3      | Found a sparkling altar of Nemelex Xobeh.
  2059 | D:3      | Reached XP level 5. HP: 37/37 MP: 5/5
  2131 | D:3      | Reached skill level 3 in Stealth
  2367 | D:3      | Reached skill level 4 in Dodging
  2367 | D:3      | Reached skill level 4 in Shields
  2368 | D:3      | Reached skill level 4 in Fighting
  2564 | D:4      | Found a staircase to the Ecumenical Temple.
  2569 | D:4      | Got a warped dagger
  2570 | D:4      | Identified the +8 dagger of Chagrin {speed, SInv} (You
                  | found it on level 4 of the Dungeon)
  2582 | Temple   | Entered the Ecumenical Temple
  2619 | Temple   | Became a worshipper of Xom of Chaos
  2727 | D:4      | XOM: harmless Necr miscast
  2792 | D:4      | Reached XP level 6. HP: 15/43 MP: 6/6
  2871 | D:4      | XOM: harmless Chrm miscast
  2890 | D:4      | Reached skill level 1 in Short Blades
  2890 | D:4      | Reached skill level 4 in Stealth
  3034 | D:4      | XOM: noise
  3057 | D:4      | XOM: noise
  3058 | D:4      | XOM: divine lightning
  3334 | D:4      | Reached XP level 7. HP: 42/49 MP: 7/7
  3431 | D:4      | XOM is BORED!
  3431 | D:4      | XOM: summons 3 hostile demons
  3521 | D:4      | XOM: torment (26/49 hp)
  3571 | D:5      | Entered Level 5 of the Dungeon
  3625 | D:5      | XOM: 1-stop teleportation journey
  3693 | D:5      | Reached skill level 2 in Short Blades
  3854 | D:5      | XOM: mild Tmut miscast
  4219 | D:5      | Reached skill level 5 in Stealth
  4299 | D:5      | XOM: smoke on damage
  4302 | D:5      | Reached skill level 5 in Dodging
  4308 | D:5      | Reached skill level 5 in Fighting
  4569 | D:6      | Found a runed translucent gate.
  4572 | D:6      | Reached skill level 5 in Shields
  4573 | D:6      | Found a runed translucent gate.
  4574 | D:6      | Found a runed translucent gate.
  4575 | D:6      | Noticed Aaksess's ghost (novice OgFE)
  4575 | D:6      | Noticed Kagalorn's ghost (novice DrSu)
  4575 | D:6      | Noticed hydraslayer's ghost (novice DEFE)
  4576 | D:6      | Noticed splatterpode's ghost (novice OpFE)
  4587 | D:6      | XOM: scenery: 2 doors open
  4596 | D:6      | XOM: butterfly on damage
  4602 | D:6      | XOM: enchant monster (good)
  4603 | D:6      | XOM: harmless Pois miscast
  4613 | D:6      | Your ally splatterpode died
  4683 | D:6      | XOM is BORED!
  4683 | D:6      | Noticed a warg
  4683 | D:6      | a scorpion changed into a warg
  4683 | D:6      | XOM: polymorph scorpion -> warg
  4685 | D:6      | Killed a warg
  4685 | D:6      | Reached XP level 8. HP: 33/55 MP: 8/8
  4735 | D:6      | Reached skill level 3 in Short Blades
  4742 | D:6      | XOM: scenery: 1 doors close
  5035 | D:6      | XOM: 1-stop teleportation journey
  5437 | D:7      | XOM: butterfly on damage
  5447 | D:6      | Reached skill level 6 in Stealth
  5551 | D:7      | XOM: cast spell 'Disjunction'
  5719 | D:7      | XOM: harmless Fire miscast
  5968 | D:7      | Reached skill level 4 in Short Blades
  5968 | D:7      | Reached skill level 6 in Dodging
  6160 | D:7      | Reached skill level 6 in Fighting
  6160 | D:7      | Reached skill level 6 in Shields
  6160 | D:7      | Reached XP level 9. HP: 62/62 MP: 9/9
  6262 | D:7      | XOM: scenery: 1 doors open, 3 doors close
  6386 | D:8      | Noticed Psyche
  6388 | D:8      | Killed Psyche
  6405 | D:8      | XOM: mild Erth miscast
  6451 | D:8      | Noticed a two-headed ogre
  6617 | D:8      | Killed a two-headed ogre
  6617 | D:8      | Reached skill level 7 in Fighting
  6617 | D:8      | Reached skill level 7 in Dodging
  6617 | D:8      | Reached skill level 7 in Shields
  6703 | D:8      | XOM: 2-stop teleportation journey
  6719 | D:8      | XOM: summons 5 friendly demons
  6723 | D:8      | Noticed Pikel
  6738 | D:8      | Killed Pikel
  6738 | D:8      | Reached XP level 10. HP: 24/72 MP: 10/10
  6835 | D:8      | Noticed Erica
  6842 | D:8      | Noticed Erica
  6842 | D:8      | Erica changed into Erica the manticore
  6842 | D:8      | XOM: polymorph Erica -> Erica the manticore
  6847 | D:8      | XOM: fog
  6855 | D:8      | Killed Erica the manticore
  6855 | D:8      | Reached skill level 8 in Fighting
  6855 | D:8      | Reached skill level 8 in Dodging
  6855 | D:8      | Reached skill level 8 in Shields
  7389 | D:9      | XOM: enchant monster (good)
  7460 | D:9      | Found a runed translucent gate.
  7460 | D:9      | Found a runed translucent gate.
  7460 | D:9      | Found a runed translucent gate.
  7472 | D:9      | You fall into a shaft and drop 2 floors!
  7473 | D:11     | Noticed an eight-headed hydra
  7473 | D:11     | Noticed a white ugly thing
  7478 | D:11     | XOM: cast spell 'Discord'
  7479 | D:11     | Killed a white ugly thing
  7479 | D:11     | Reached skill level 5 in Short Blades
  7654 | D:12     | XOM: harmless Air miscast
  7905 | D:12     | Noticed Fannar
  7917 | D:12     | Killed Fannar
  7917 | D:12     | Reached skill level 7 in Stealth
  7926 | D:12     | XOM: potion effect (brilliance)
  7958 | D:12     | XOM: 1-stop teleportation journey
  7986 | D:12     | XOM: scenery: create altars
  8007 | D:12     | XOM: divination: magic mapping
  8010 | D:12     | XOM: cleaving
  8074 | D:12     | XOM: give mutations
  8074 | D:12     | Gained mutation: You are frail. (-10% HP) [Xom's mischief]
  8074 | D:12     | Gained mutation: You possess an exceptional clarity of
                  | mind. [Xom's mischief]
  8169 | D:12     | Reached XP level 11. HP: 68/70 MP: 11/11
  8259 | D:12     | Reached skill level 6 in Short Blades
  8292 | D:12     | Reached skill level 8 in Stealth
  8328 | D:12     | Reached skill level 1 in Evocations
  8705 | D:13     | Found a runed translucent door.
  8705 | D:13     | Noticed an ogre mage
  8826 | D:13     | Noticed a cyclops
  8830 | D:13     | Killed a cyclops
  8830 | D:13     | Reached skill level 9 in Fighting
  8830 | D:13     | Reached skill level 9 in Dodging
  8860 | D:13     | Reached skill level 9 in Shields
  8874 | D:13     | Noticed a five-headed hydra
  8936 | D:14     | XOM: divination: magic mapping
  8965 | D:13     | XOM: god gift: twisted bone wand {god gift}
  8973 | D:13     | You fall into a shaft and drop 2 floors!
  8973 | D:15     | Entered Level 15 of the Dungeon
  8998 | D:15     | Reached skill level 2 in Evocations
  9116 | D:14     | XOM: 3-stop teleportation journey
  9146 | D:14     | XOM: cleaving
  9241 | D:14     | Noticed a tengu warrior
  9355 | D:14     | Killed a tengu warrior
  9461 | D:14     | XOM: mild Necr miscast
  9516 | D:14     | Reached skill level 9 in Stealth
  9516 | D:14     | Reached skill level 3 in Evocations
  9519 | D:14     | Reached skill level 3 in Long Blades
  9524 | D:14     | XOM: polymorph eye of draining -> hippogriff
  9883 | D:14     | XOM: potion effect (might)
 10377 | D:13     | Noticed a manticore
 10421 | D:13     | Noticed a cyclops
 10529 | D:13     | XOM: summons 2 friendly demons
 10539 | D:13     | Killed a cyclops
 10587 | D:13     | XOM: potion effect (invisibility)
 10590 | D:13     | XOM: god gift: warped large shield {god gift}
 10595 | D:13     | Got a warped large shield {god gift}
 10619 | D:13     | Identified the +8 large shield of Ones {MR+ Str-2 Int+4
                  | Slay+2} (Xom gifted it to you on level 13 of the Dungeon)
 10700 | D:13     | Reached skill level 4 in Evocations
 10790 | D:13     | Reached XP level 12. HP: 78/78 MP: 15/15
 10800 | D:13     | Noticed a vault guard
 10813 | D:13     | Killed a vault guard
 10813 | D:13     | Reached skill level 4 in Long Blades
 10817 | D:13     | Paralysed by a wizard for 6 turns
 10824 | D:13     | XOM: divine lightning
 10835 | D:13     | XOM: enchant monster (good)
 10836 | D:13     | Reached skill level 10 in Stealth
 10843 | D:13     | XOM: scenery: create altars
 10861 | D:13     | XOM: potion effect (berserk rage)
 10862 | D:13     | XOM: cast spell 'Summon Hydra'
 10897 | D:13     | Noticed a vault guard
 10901 | D:13     | XOM: cleaving
 10911 | D:13     | Killed a vault guard
 10911 | D:13     | Reached skill level 10 in Fighting
 10911 | D:13     | Reached skill level 10 in Dodging
 10911 | D:13     | Reached skill level 5 in Evocations
 10921 | D:13     | Reached skill level 10 in Shields
 11053 | D:13     | Noticed a vault guard
 11065 | D:13     | Killed a vault guard
 11127 | D:13     | XOM: give mutation
 11127 | D:13     | Gained mutation: You are clumsy. (Dex -2) [Xom's mischief]
 11137 | D:13     | Reached skill level 5 in Long Blades
 11169 | D:13     | HP: 2/78 [five-headed hydra (12)]
 11466 | D:12     | XOM: give mutations
 11466 | D:12     | Gained mutation: You are resistant to electric shocks.
                  | (rElec) [Xom's grace]
 11466 | D:12     | Gained mutation: Your flesh is cold resistant. (rC+) [Xom's
                  | grace]
 11466 | D:12     | Gained mutation: Your mind is acute. (Int +2) [Xom's grace]
 11466 | D:12     | Lost mutation: You are clumsy. (Dex -2) [Xom's grace]
 11489 | D:11     | XOM: 2-stop teleportation journey
 11490 | D:11     | XOM: confuse monster(s)
 11507 | D:11     | XOM: summons friendly crimson imp
 11519 | D:11     | XOM: cleaving
 11595 | D:10     | Entered Level 10 of the Dungeon
 11695 | D:10     | XOM: give mutations
 11695 | D:10     | Gained mutation: Your flesh is heat resistant. (rF+) [Xom's
                  | grace]
 11695 | D:10     | Gained mutation: Your system is resistant to poisons.
                  | (rPois) [Xom's grace]
 11695 | D:10     | Gained mutation: You evolve. [Xom's grace]
 11700 | D:10     | XOM: cast spell 'Ring of Flames'
 11746 | D:10     | Lost mutation: You are frail. (-10% HP) [evolution]
 11771 | D:10     | XOM: polymorph killer bee -> ooze
 12084 | D:10     | XOM: enchant monster (good)
 12090 | D:10     | XOM: summons 11 friendly demons
 12139 | D:10     | XOM: polymorph something unseen -> komodo dragon
 12154 | D:10     | XOM: give mutations
 12154 | D:10     | Gained mutation: You rapidly evolve. [Xom's grace]
 12154 | D:10     | Gained mutation: One of your tentacles bears a spike.
                  | [Xom's grace]
 12154 | D:10     | Gained mutation: You expend magic power (3 MP) to
                  | strengthen your wands. [Xom's grace]
 12154 | D:10     | Gained mutation: You are partially covered in yellow
                  | scales. (AC +2) [Xom's grace]
 12268 | D:10     | Reached skill level 6 in Evocations
 12386 | D:10     | XOM: mild Necr miscast
 12503 | D:9      | Found a sacrificial altar of Ru.
 12582 | D:9      | Noticed D1HalberdGnoll's ghost (journeyman DrAE)
 12597 | D:9      | XOM: stat loss: -1 Str (12/13)
 12879 | D:9      | Found a staircase to the Orcish Mines.
 12910 | D:9      | XOM: severe Pois miscast
 13015 | D:9      | XOM: divination: detect items
 13107 | D:9      | XOM: scenery: create altars
 13245 | D:9      | XOM: summons friendly quasit
 13264 | D:9      | XOM: give mutations
 13264 | D:9      | Lost mutation: Your mind is acute. (Int +2) [Xom's
                  | mischief]
 13264 | D:9      | Gained mutation: One of your tentacles bears a nasty spike.
                  | [Xom's mischief]
 13271 | D:9      | XOM: polymorph quasit -> crimson imp
 13273 | D:9      | XOM: scenery: create altars
 13452 | D:11     | Reached skill level 6 in Long Blades
 13522 | D:11     | Found a staircase to the Lair.
 13529 | D:11     | Reached XP level 13. HP: 93/93 MP: 17/17
 13532 | D:11     | Noticed a thorn hunter
 13532 | D:11     | an oklob plant changed into a thorn hunter
 13532 | D:11     | XOM: polymorph oklob plant -> thorn hunter
 13549 | D:11     | XOM: butterfly on damage
 13551 | D:11     | Killed a thorn hunter
 13587 | D:11     | XOM: god gift: wand of iceblast (5)
 13731 | D:10     | Gained mutation: You passively map a small area around you.
                  | [evolution]
 13798 | D:10     | XOM: harmless Hex miscast
 14177 | D:11     | Found a stormy altar of Qazlal.
 14263 | D:11     | XOM: mild Summ miscast
 14352 | D:11     | XOM: enchant monster (good)
 14354 | D:11     | XOM: mild Pois miscast
 14439 | D:11     | Reached skill level 11 in Fighting
 14640 | D:13     | XOM: harmless Fire miscast
 14648 | D:13     | Reached skill level 11 in Dodging
 14664 | D:13     | Found a gate to the Vaults.
 14703 | D:13     | Reached skill level 11 in Shields
 14734 | D:13     | XOM: god gift: 9 gold pieces
 14792 | D:13     | Reached skill level 7 in Long Blades
 15013 | D:13     | Noticed a fire dragon
 15018 | D:13     | XOM: summons 8 friendly demons
 15023 | D:13     | Killed a fire dragon
 15079 | D:13     | XOM is BORED!
 15079 | D:13     | XOM: harmless Ice miscast
 15137 | D:13     | XOM: divination: detect creatures
 15293 | D:14     | Learned a level 1 spell: Animate Skeleton
 15297 | D:14     | Learned a level 3 spell: Regeneration
 15301 | D:14     | Learned a level 3 spell: Mephitic Cloud
 15305 | D:14     | Learned a level 3 spell: Conjure Flame
 15417 | D:15     | Noticed a fire dragon
 15417 | D:15     | Noticed a fire dragon
 15598 | D:15     | XOM: enchant monster (bad)
 15637 | D:15     | XOM: harmless Tmut miscast
 15643 | D:15     | XOM: mild Tloc miscast
 15873 | D:15     | XOM: summons friendly quasit
 15883 | D:15     | XOM: mild Chrm miscast
 15887 | D:15     | Reached skill level 1 in Conjurations
 15889 | D:15     | Reached skill level 1 in Poison Magic
 15891 | D:15     | Reached skill level 1 in Charms
 15892 | D:15     | Lost mutation: One of your tentacles bears a nasty spike.
                  | [evolution]
 15897 | D:15     | Reached skill level 1 in Necromancy
 16202 | D:15     | Reached skill level 1 in Fire Magic
 16202 | D:15     | Reached skill level 1 in Air Magic
 16376 | D:15     | XOM: give mutations
 16376 | D:15     | Lost mutation: You are resistant to electric shocks.
                  | (rElec) [Xom's mischief]
 16376 | D:15     | Gained mutation: You are robust. (+10% HP) [Xom's mischief]
 16424 | D:15     | Noticed an entropy weaver
 16424 | D:15     | a fire dragon changed into an entropy weaver
 16424 | D:15     | XOM: polymorph fire dragon -> entropy weaver
 16428 | D:15     | Killed an entropy weaver
 16428 | D:15     | Reached skill level 1 in Spellcasting
 16640 | D:15     | XOM: swap monsters
 16651 | D:15     | Killed a fire dragon
 16874 | D:15     | Found a staircase to the Depths.
 17034 | D:12     | XOM: cloud trail
 17082 | D:11     | XOM: harmless Erth miscast
 17147 | D:9      | XOM: confuse monster(s)
 17148 | D:9      | Reached skill level 2 in Poison Magic
 17246 | D:9      | XOM: potion effect (magic)
 17248 | D:9      | Reached skill level 2 in Charms
 17248 | D:9      | Reached XP level 14. HP: 111/111 MP: 10/18
 17365 | D:7      | XOM: scenery: 1 doors open, 1 doors close
 17488 | D:6      | XOM: cloud trail
 17647 | D:6      | Reached skill level 2 in Conjurations
 17678 | D:6      | XOM: noise
 17856 | D:6      | Killed Kagalorn's ghost
 17856 | D:6      | Reached skill level 2 in Necromancy
 17873 | D:6      | XOM: draining
 18030 | D:6      | Killed hydraslayer's ghost
 18030 | D:6      | Reached skill level 2 in Fire Magic
 18030 | D:6      | Reached skill level 2 in Air Magic
 18452 | D:11     | XOM: god gift: 32 gold pieces
 18481 | Lair:1   | Entered Level 1 of the Lair of Beasts
 18587 | Lair:1   | Reached skill level 2 in Spellcasting
 18591 | Lair:1   | XOM: polymorph blink frog -> shapeshifter
 18592 | Lair:1   | XOM: potion effect (haste)
 18598 | Lair:2   | XOM: stealth player
 18923 | Lair:1   | XOM: potion effect (brilliance)
 18967 | Lair:1   | XOM: mild Pois miscast
 19172 | Lair:1   | Noticed Nergalle
 19178 | Lair:1   | XOM: noise
 19182 | Lair:1   | XOM: potion effect (agility)
 19188 | Lair:1   | Killed Nergalle
 19188 | Lair:1   | Reached skill level 3 in Poison Magic
 19312 | Lair:1   | XOM: enchant monster (bad)
 19579 | Lair:1   | Found a shadowy altar of Dithmenos.
 19842 | Lair:2   | XOM: harmless Fire miscast
 19894 | Lair:2   | Reached skill level 3 in Conjurations
 19900 | Lair:2   | Reached skill level 3 in Charms
 19903 | Lair:2   | XOM: mild Chrm miscast
 19913 | Lair:2   | Reached skill level 3 in Necromancy
 19959 | Lair:2   | Reached skill level 3 in Air Magic
 19959 | Lair:2   | XOM: cast spell 'Metabolic Englaciation'
 20047 | Lair:2   | XOM: swap monsters
 20078 | Lair:2   | XOM: confuse monster(s)
 20079 | Lair:2   | Reached skill level 3 in Fire Magic
 20083 | Lair:2   | Reached skill level 3 in Spellcasting
 20117 | Lair:2   | Lost mutation: Your flesh is heat resistant. (rF+)
                  | [evolution]
 20166 | Lair:2   | XOM: mild Air miscast
 20527 | Lair:3   | XOM: harmless Erth miscast
 20656 | Lair:3   | Found a staircase to the Snake Pit.
 20668 | Lair:3   | Reached skill level 4 in Poison Magic
 20672 | Lair:3   | XOM: harmless Hex miscast
 20677 | Lair:3   | XOM: enchant monster (good)
 20987 | Lair:3   | XOM: give mutation
 20987 | Lair:3   | Lost mutation: You are robust. (+10% HP) [Xom's mischief]
 21051 | Lair:3   | Found a staircase to the Swamp.
 21442 | Lair:3   | XOM: mild Hex miscast
 21760 | Lair:4   | XOM: confuse monster(s)
 21778 | Lair:4   | XOM: summons friendly quasit
 21782 | Lair:4   | XOM: summons 2 friendly demons
 21799 | Lair:4   | Reached skill level 4 in Conjurations
 21803 | Lair:3   | XOM: potion effect (brilliance)
 21806 | Lair:3   | Reached skill level 4 in Necromancy
 21856 | Lair:4   | Reached skill level 4 in Charms
 21941 | Lair:4   | Reached skill level 4 in Air Magic
 21947 | Lair:4   | XOM: divination: detect creatures
 21971 | Lair:4   | XOM is BORED!
 21971 | Lair:4   | XOM: noise
 22038 | Lair:4   | XOM: divination: detect items
 22044 | Lair:4   | Reached skill level 4 in Fire Magic
 22044 | Lair:4   | Reached skill level 5 in Poison Magic
 22152 | Lair:4   | Reached skill level 4 in Spellcasting
 22234 | Lair:4   | XOM: mild Conj miscast
 22315 | Lair:4   | XOM: cloud trail
 22421 | Lair:4   | XOM: harmless Conj miscast
 22486 | Lair:5   | Found a staircase to the Slime Pits.
 22496 | Lair:5   | Reached skill level 6 in Poison Magic
 22496 | Lair:5   | XOM: potion effect (haste)
 22679 | Lair:5   | XOM: silly message
 22896 | Lair:5   | XOM: fog
 23100 | Lair:5   | XOM: harmless Necr miscast
 23235 | Lair:6   | Entered Level 6 of the Lair of Beasts
 23251 | Lair:5   | Reached XP level 15. HP: 77/107 MP: 21/21
 23294 | Lair:6   | XOM: god gift: 4 atropa-tipped darts
 23555 | Lair:6   | XOM: polymorph eight-headed hydra -> glowing shapeshifter
 23569 | Lair:6   | XOM: 2-stop teleportation journey
 23608 | Lair:6   | XOM: divination: detect creatures
 23613 | Lair:6   | XOM: potion effect (brilliance)
 23624 | Lair:6   | XOM: cleaving
 23629 | Lair:6   | Reached skill level 12 in Dodging
 23634 | Lair:6   | Reached skill level 12 in Shields
 23662 | Lair:6   | XOM: harmless Ice miscast
 23678 | Lair:6   | XOM: potion effect (invisibility)
 23708 | Lair:6   | XOM: harmless Ice miscast
 23776 | Lair:6   | XOM: harmless Ice miscast
 23833 | Lair:6   | XOM: potion effect (haste)
 23917 | Lair:6   | Identified 2 scrolls of acquirement
 23953 | Lair:6   | Got a twisted short sword
 24007 | Lair:6   | XOM: summons 12 friendly demons
 24008 | Lair:6   | XOM: polymorph ice devil -> hellwing
 24033 | Lair:6   | Reached skill level 8 in Long Blades
 24207 | Lair:6   | XOM: cleaving
 24266 | Lair:6   | XOM: swap monsters
 24356 | Lair:6   | XOM: cloud trail
 24695 | Lair:5   | Gained mutation: You are partially covered in large bone
                  | plates. (SH +4) [evolution]
 24707 | Lair:4   | XOM: harmless Hex miscast
 24851 | Orc:1    | Entered Level 1 of the Orcish Mines
 24851 | Orc:1    | Noticed an orc warlord
 24865 | Orc:1    | XOM: confuse monster(s)
 24874 | Orc:1    | Killed an orc warlord
 25159 | Orc:2    | Entered Level 2 of the Orcish Mines
 25164 | Orc:2    | Found a staircase to the Elven Halls.
 25242 | Orc:1    | XOM: medium Conj miscast
 25338 | Orc:2    | Found Fuicimey's Antique Armour Shoppe.
 25443 | Orc:2    | XOM: 1-stop teleportation journey
 25461 | Orc:2    | Found Xicviv's General Store.
 25483 | Orc:2    | XOM: mild Air miscast
 25503 | Orc:2    | Found Qaylanix's Antique Weapon Emporium.
 25567 | Orc:2    | Found Ygriun's Book Shoppe.
 25568 | Orc:2    | Noticed an orc warlord
 25605 | Orc:2    | Reached skill level 13 in Dodging
 25732 | Orc:2    | XOM: stat loss: -1 Dex (17/18)
 25747 | Orc:2    | Killed an orc warlord
 25747 | Orc:2    | Reached skill level 9 in Long Blades
 25747 | Orc:2    | Reached skill level 13 in Shields
 25959 | Orc:2    | Bought a wand of digging (6) for 200 gold pieces
 25959 | Orc:2    | Bought a potion of heal wounds for 50 gold pieces
 26112 | Orc:2    | Bought an embroidered hat for 182 gold pieces
 26123 | Orc:2    | Identified the +8 short sword "Cebrusod" {elec, rElec MP+9}
                  | (You found it on level 6 of the Lair of Beasts)
 26155 | Orc:2    | Bought a book of Enchantments for 850 gold pieces
 26155 | Orc:2    | Bought a book of Battle for 680 gold pieces
 26174 | Orc:1    | XOM: fake destruction
 26223 | Orc:1    | XOM: give mutations
 26223 | Orc:1    | Gained mutation: You are agile. (Dex +2) [Xom's grace]
 26223 | Orc:1    | Gained mutation: You have a pair of small antennae on your
                  | head. [Xom's grace]
 26223 | Orc:1    | Gained mutation: You have a beak for a mouth. [Xom's grace]
 26223 | Orc:1    | Gained mutation: Your muscles are strong. (Str +2) [Xom's
                  | grace]
 26315 | Orc:1    | XOM: destruction
 26321 | Orc:1    | Lost mutation: One of your tentacles bears a spike.
                  | [evolution]
 26494 | Orc:1    | Learned a level 2 spell: Shroud of Golubria
 26500 | Orc:1    | Got a warped bronze amulet
 26504 | Orc:1    | Got a sparkling lead ring
 26506 | Orc:1    | Identified the ring "Eweek" {rC- MR+++ Str+9 Stlth+} (You
                  | acquired it on level 1 of the Orcish Mines)
 26507 | Orc:1    | Identified the amulet "Qymu" {Spirit Int+3 SInv Stlth-}
                  | (You acquired it on level 1 of the Orcish Mines)
 26511 | Orc:1    | Learned a level 2 spell: Song of Slaying
 26516 | Orc:1    | Learned a level 4 spell: Cause Fear
 26690 | Swamp:1  | Entered Level 1 of the Swamp
 26806 | Swamp:1  | XOM: 2-stop teleportation journey
 26812 | Swamp:1  | XOM: summons friendly hellwing
 26815 | Swamp:1  | Reached skill level 1 in Hexes
 26838 | Swamp:1  | Reached XP level 16. HP: 103/113 MP: 19/22
 26869 | Swamp:1  | XOM: divination: magic mapping
 26871 | Swamp:1  | Reached skill level 2 in Hexes
 26925 | Swamp:1  | XOM: divination: detect creatures
 27150 | Swamp:1  | XOM: enchant monster (good)
 27398 | Swamp:2  | Reached skill level 3 in Hexes
 27420 | Swamp:2  | XOM: enchant monster (good)
 27423 | Swamp:2  | XOM: fog
 27429 | Swamp:2  | XOM: cast spell 'Death Channel'
 27435 | Swamp:2  | XOM: confuse monster(s)
 27459 | Swamp:2  | XOM: cast spell 'Necromutation'
 27590 | Swamp:2  | XOM: god gift: 21 bolts
 27686 | Swamp:2  | XOM: mild Tloc miscast
 27888 | Swamp:2  | XOM: mild Chrm miscast
 28165 | Swamp:3  | Reached skill level 10 in Long Blades
 28242 | Swamp:3  | Noticed Donald
 28248 | Swamp:3  | XOM: smoke on damage
 28265 | Swamp:3  | Reached skill level 4 in Hexes
 28271 | Swamp:3  | Killed Donald
 28430 | Swamp:3  | Gained mutation: You are very agile. (Dex +4) [evolution]
 28443 | Swamp:3  | XOM: cleaving
 28604 | Swamp:3  | XOM: harmless Hex miscast
 28607 | Swamp:3  | XOM: potion effect (curing)
 28690 | Swamp:4  | Entered Level 4 of the Swamp
 28703 | Swamp:4  | XOM: blink monster(s)
 28720 | Swamp:3  | XOM: god gift: 9 stones
 28765 | Swamp:4  | XOM: divination: magic mapping
 29101 | Swamp:4  | XOM: cast spell 'Statue Form'
 29154 | Swamp:4  | Reached skill level 5 in Hexes
 29158 | Swamp:4  | XOM: polymorph seven-headed hydra -> emperor scorpion
 29159 | Swamp:4  | XOM: summons friendly ufetubus
 29164 | Swamp:4  | Reached skill level 14 in Dodging
 29245 | Swamp:4  | XOM: polymorph emperor scorpion -> dire elephant
 29281 | Swamp:4  | XOM: give mutations
 29281 | Swamp:4  | Lost mutation: You passively map a small area around you.
                  | [Xom's mischief]
 29281 | Swamp:4  | Lost mutation: Your flesh is cold resistant. (rC+) [Xom's
                  | mischief]
 29281 | Swamp:4  | Lost mutation: You expend magic power (3 MP) to strengthen
                  | your wands. [Xom's mischief]
 29281 | Swamp:4  | Lost mutation: You are very agile. (Dex +4) [Xom's
                  | mischief]
 29289 | Swamp:4  | Reached skill level 14 in Shields
 29299 | Swamp:4  | XOM: summons 4 hostile shadow creatures
 29320 | Swamp:4  | XOM: fog
 29324 | Swamp:4  | XOM: repel stairs
 29325 | Swamp:4  | XOM: enchant monster (bad)
 29326 | Swamp:4  | XOM: summons 4 hostile shadow creatures
 29335 | Swamp:4  | XOM: polymorph alligator -> ghost moth
 29342 | Swamp:4  | XOM: swap monsters
 29350 | Swamp:4  | XOM: summons 2 hostile shadow creatures
 29527 | Swamp:4  | XOM: 3-stop teleportation journey
 29575 | Swamp:4  | XOM: destruction
 29579 | Swamp:4  | XOM: cleaving
 29585 | Swamp:4  | XOM: god gift: chain mail {god gift}
 29590 | Swamp:4  | XOM: polymorph five-headed hydra -> five-headed hydra
 29606 | Swamp:4  | XOM: confuse monster(s)
 29617 | Swamp:4  | XOM: scenery: create altars
 29660 | Swamp:4  | Noticed a thorn hunter
 29660 | Swamp:4  | a shambling mangrove changed into a thorn hunter
 29660 | Swamp:4  | XOM: polymorph shambling mangrove -> thorn hunter
 29677 | Swamp:4  | XOM: fog
 29681 | Swamp:4  | Killed a thorn hunter
 29706 | Swamp:4  | Noticed a thorn hunter
 29711 | Swamp:4  | Reached XP level 17. HP: 114/119 MP: 16/23
 29721 | Swamp:4  | Reached skill level 11 in Long Blades
 29784 | Swamp:4  | Got a decaying rune of Zot
 29807 | Swamp:4  | XOM: fog
 30073 | Swamp:4  | Reached skill level 12 in Fighting
 30238 | Snake:1  | Entered Level 1 of the Snake Pit
 30240 | Snake:1  | XOM: scenery: create altars
 30603 | Snake:1  | XOM: give mutations
 30603 | Snake:1  | Gained mutation: You are resistant to hostile enchantments.
                  | (MR+) [Xom's grace]
 30603 | Snake:1  | Gained mutation: You are robust. (+10% HP) [Xom's grace]
 30603 | Snake:1  | Gained mutation: You are highly resistant to hostile
                  | enchantments. (MR++) [Xom's grace]
 30764 | Snake:1  | XOM: summons 2 friendly demons
 30888 | Snake:1  | XOM: enchant monster (bad)
 30963 | Snake:1  | Lost mutation: Your muscles are strong. (Str +2)
                  | [evolution]
 30972 | Snake:1  | XOM: harmless Summ miscast
 30974 | Snake:1  | Found the +8 lance "Wyrmbane" {slay drac, rPois rF+ rC+
                  | AC+3}
 31089 | Snake:1  | Got a steaming granite ring
 31090 | Snake:1  | Identified the ring of Cugais {rCorr Dex+6} (You found it
                  | on level 1 of the Snake Pit)
 31186 | Snake:1  | XOM: harmless Necr miscast
 31301 | Snake:1  | XOM: silly message
 31450 | Snake:1  | XOM: harmless Pois miscast
 31468 | Snake:1  | XOM: potion effect (heal wounds)
 31679 | Snake:1  | XOM: divination: magic mapping
 31956 | Snake:2  | Found Ytukh's General Store.
 31970 | Snake:2  | Reached skill level 7 in Evocations
 32002 | Snake:2  | XOM: chaos upgrade
 32195 | Snake:2  | XOM: god gift: helmet {god gift}
 32294 | Snake:2  | XOM: summons 3 hostile demons
 32311 | Snake:2  | XOM: 3-stop teleportation journey
 32352 | Snake:2  | Bought a scroll of blinking for 112 gold pieces
 32532 | Snake:3  | Reached skill level 15 in Dodging
 32599 | Snake:3  | XOM: 7-stop teleportation journey
 32622 | Snake:3  | XOM: harmless Summ miscast
 32789 | Snake:3  | XOM: enchant monster (good)
 32810 | Snake:3  | Noticed Agnes
 32814 | Snake:3  | Killed Agnes
 32814 | Snake:3  | Reached skill level 15 in Shields
 32935 | Snake:3  | XOM: divination: detect creatures
 33216 | Snake:3  | Reached skill level 8 in Evocations
 33218 | Snake:3  | XOM: summons 4 friendly demons
 33243 | Snake:3  | XOM: cast spell 'Summon Butterflies'
 33248 | Snake:3  | XOM: medium Necr miscast
 33253 | Snake:3  | XOM: noise
 33271 | Snake:3  | Reached XP level 18. HP: 69/139 MP: 1/24
 33369 | Snake:3  | XOM: divination: detect creatures
 33555 | Snake:3  | Noticed Aizul
 33571 | Snake:3  | Killed Aizul
 33617 | Snake:3  | XOM: mild Hex miscast
 33814 | Snake:4  | Entered Level 4 of the Snake Pit
 34092 | Snake:4  | Reached skill level 12 in Long Blades
 34194 | Snake:4  | XOM: harmless Hex miscast
 34300 | Snake:4  | Reached skill level 13 in Fighting
 34305 | Snake:4  | XOM: confuse monster(s)
 34342 | Snake:4  | XOM: divination: detect creatures
 34371 | Snake:4  | XOM: swap monsters
 34380 | Snake:4  | XOM: potion effect (brilliance)
 34388 | Snake:4  | XOM: summons friendly crimson imp
 34499 | Snake:4  | Lost mutation: You are partially covered in yellow scales.
                  | (AC +2) [evolution]
 34597 | Snake:4  | Reached skill level 9 in Evocations
 34751 | Snake:4  | XOM: polymorph naga warrior -> faun
 34861 | Snake:3  | XOM: severe Necr miscast
 34866 | Snake:3  | XOM: stat loss: -1 Dex (25/26)
 35066 | Snake:4  | XOM: 5-stop teleportation journey
 35085 | Snake:4  | XOM: harmless Chrm miscast
 35119 | Snake:4  | XOM: summons friendly crimson imp
 35351 | Snake:4  | XOM: divination: magic mapping
 35381 | Snake:4  | XOM: potion effect (haste)
 35406 | Snake:4  | XOM: confuse monster(s)
 35430 | Snake:4  | Got a serpentine rune of Zot
 35448 | Snake:4  | XOM: harmless Erth miscast
 35893 | Depths:1 | Entered Level 1 of the Depths
 35895 | Depths:1 | XOM: confuse monster(s)
 35905 | D:15     | XOM: enchant monster (good)
 35907 | D:15     | Reached skill level 10 in Evocations
 35937 | Depths:1 | HP: 5/143 [frost giant/bolt of cold (40)]
 36134 | D:15     | Learned a level 2 spell: Passwall
 36263 | D:15     | XOM: harmless Summ miscast
 36267 | D:15     | XOM: enchant monster (good)
 36271 | D:15     | Reached skill level 1 in Polearms
 36271 | D:15     | Reached skill level 16 in Shields
 36473 | Depths:1 | XOM: silly message
 36492 | Depths:1 | XOM: give mutation
 36492 | Depths:1 | Gained mutation: You are very robust. (+20% HP) [Xom's
                  | grace]
 36510 | Depths:1 | Reached skill level 2 in Polearms
 36515 | Depths:1 | Found a gateway to Hell.
 36527 | Depths:1 | Reached XP level 19. HP: 147/162 MP: 18/26
 36647 | Depths:1 | XOM: noise
 36660 | Depths:1 | XOM: chaos upgrade
 36671 | Depths:1 | Identified the amulet "Pucsoufa" {RegenMP SInv}
 36846 | Depths:1 | Found a one-way gate to the infinite horrors of the Abyss.
 36857 | Depths:1 | Reached skill level 14 in Fighting
 36878 | Depths:1 | XOM: chaos upgrade
 36900 | Depths:1 | Reached skill level 3 in Polearms
 37037 | Depths:1 | XOM: cleaving
 37040 | Depths:1 | XOM: 1-stop teleportation journey
 37042 | Depths:1 | Found a shimmering blue altar of Sif Muna.
 37086 | Depths:1 | XOM: summons friendly quasit
 37122 | Depths:1 | XOM: divination: detect items
 37135 | Depths:1 | Reached skill level 4 in Polearms
 37175 | Depths:1 | XOM: cloud trail
 37209 | Depths:1 | XOM: summons 2 friendly demons
 37249 | Depths:1 | XOM: summons friendly red devil
 37296 | Depths:1 | XOM: polymorph deep troll earth mage -> slime creature
 37343 | Depths:1 | XOM: summons friendly white imp
 37346 | Depths:1 | Reached skill level 5 in Polearms
 37353 | Depths:1 | XOM: summons friendly white imp
 37364 | Depths:1 | XOM: scenery: 2 doors close
 37367 | Depths:1 | XOM: scenery: 2 doors open
 37476 | Depths:1 | XOM: scenery: 1 doors close
 37642 | Depths:1 | XOM: divination: detect items
 37643 | Depths:1 | XOM: enchant monster (good)
 37644 | Depths:1 | XOM: enchant monster (bad)
 37712 | Depths:1 | Reached skill level 6 in Polearms
 37733 | Depths:1 | XOM: enchant monster (bad)
 37771 | Depths:1 | XOM: 2-stop teleportation journey
 38016 | Depths:2 | XOM: summons friendly shadow imp
 38064 | Depths:2 | XOM: summons 4 friendly demons
 38070 | Depths:2 | XOM: harmless Ice miscast
 38078 | Depths:2 | Reached skill level 7 in Polearms
 38230 | Depths:2 | Noticed a lich
 38233 | Depths:2 | XOM: medium Air miscast
 38236 | Depths:2 | Killed a lich
 38291 | Depths:2 | Noticed a lich
 38297 | Depths:2 | Killed a lich
 38297 | Depths:2 | Reached skill level 8 in Polearms
 38336 | Depths:2 | XOM: noise
 38341 | Depths:2 | XOM: enchant monster (bad)
 38443 | Depths:2 | XOM: confuse monster(s)
 38444 | Depths:2 | XOM: divination: magic mapping
 38447 | Depths:2 | XOM: cast spell 'Olgreb's Toxic Radiance'
 38461 | Depths:2 | Reached skill level 9 in Polearms
 38462 | Depths:2 | XOM: confuse monster(s)
 38466 | Depths:2 | XOM: give mutations
 38466 | Depths:2 | Gained mutation: Your muscles are strong. (Str +2) [Xom's
                  | mischief]
 38466 | Depths:2 | Lost mutation: You are highly resistant to hostile
                  | enchantments. (MR++) [Xom's mischief]
 38466 | Depths:2 | Lost mutation: You possess an exceptional clarity of mind.
                  | [Xom's mischief]
 38888 | Depths:2 | XOM: confusion (+ monsters)
 38905 | Depths:2 | XOM: divination: magic mapping
 38914 | Depths:2 | XOM: harmless Tmut miscast
 38921 | Depths:2 | XOM: 1-stop teleportation journey
 38984 | Depths:2 | XOM: 1-stop teleportation journey
 38992 | Depths:2 | XOM: enchant monster (bad)
 39010 | Depths:2 | XOM: medium Tmut miscast
 39033 | Depths:2 | Reached skill level 10 in Polearms
 39055 | Depths:2 | XOM: scenery: create altars
 39058 | Depths:2 | Gained mutation: You are dopey. (Int -2) [mutagenic glow]
 39118 | Depths:1 | Gained mutation: You do not regenerate when monsters are
                  | visible. [mutagenic glow]
 39191 | Depths:2 | XOM: polymorph deep troll earth mage -> satyr
 39212 | Depths:2 | XOM: smoke on damage
 39277 | Depths:2 | XOM: fog
 39362 | Depths:2 | XOM: fog
 39363 | Depths:2 | XOM: summons friendly soul eater
 39389 | Depths:2 | Noticed a golden dragon
 39401 | Depths:2 | XOM: scenery: create altars
 39405 | Depths:2 | Killed a golden dragon
 39405 | Depths:2 | Reached skill level 11 in Polearms
 39437 | Depths:2 | XOM: summons 2 friendly demons
 39497 | Depths:1 | XOM: scenery: create altars
 39531 | Depths:2 | XOM: god gift: hand axe {god gift}
 39544 | Depths:2 | Gained mutation: One of your tentacles bears a spike.
                  | [evolution]
 39604 | Depths:2 | XOM: enchant monster (good)
 39611 | Depths:2 | XOM: enchant monster (good)
 39765 | Depths:1 | XOM: give mutations
 39765 | Depths:1 | Lost mutation: You rapidly evolve. [Xom's grace]
 39765 | Depths:1 | Lost mutation: You evolve. [Xom's grace]
 39765 | Depths:1 | Gained mutation: You are somewhat resistant to further
                  | mutation. [Xom's grace]
 39765 | Depths:1 | Gained mutation: You expend magic power (3 MP) to
                  | strengthen your wands. [Xom's grace]
 39765 | Depths:1 | Lost mutation: You are somewhat resistant to further
                  | mutation. [Xom's grace]
 39765 | Depths:1 | Gained mutation: You evolve. [Xom's grace]
 39765 | Depths:1 | Gained mutation: You are very agile. (Dex +4) [Xom's grace]
 39773 | Depths:2 | Reached XP level 20. HP: 171/171 MP: 22/27
 40126 | Depths:2 | Got a twisted glaive
 40179 | Depths:3 | XOM: divination: detect items
 40182 | Depths:3 | Reached skill level 12 in Polearms
 40188 | Depths:3 | Found a gateway to a ziggurat.
 40338 | Depths:3 | XOM: confuse monster(s)
 40360 | Depths:3 | XOM: potion effect (brilliance)
 40596 | Depths:3 | XOM: confusion (+ monsters)
 40736 | Depths:3 | Identified the +0 robe "Fyezoeghio" {rC++ MP+9 Dex-5}
 40750 | Depths:3 | XOM: potion effect (haste)
 40829 | Depths:3 | Paralysed by the power of Zot for 4 turns
 40853 | Depths:3 | Found a one-way gate leading to the halls of Pandemonium.
 40891 | Depths:3 | XOM: cast spell 'Summon Butterflies'
 40898 | Depths:3 | XOM: confuse monster(s)
 40912 | Depths:3 | XOM: silly message
 41154 | Depths:3 | Reached skill level 17 in Shields
 41243 | Depths:3 | Reached skill level 15 in Fighting
 41303 | Depths:3 | XOM: harmless Conj miscast
 41429 | Depths:3 | XOM: harmless Necr miscast
 41431 | Depths:3 | XOM: enchant monster (bad)
 41505 | Depths:3 | Noticed a golden dragon
 41512 | Depths:3 | XOM: divination: detect items
 41516 | Depths:3 | XOM: blink monster(s)
 41546 | Depths:3 | XOM: harmless Ice miscast
 41577 | Depths:3 | Killed a golden dragon
 41713 | Depths:3 | XOM: blink monster(s)
 41749 | Depths:3 | XOM: summons 7 hostile demons
 41889 | Depths:3 | Found the +3 hat of Pondering {ponderous, MR+ MP+10 Int+5}
 41891 | Depths:3 | Noticed a caustic shrike
 41928 | Depths:3 | XOM: noise
 41931 | Depths:3 | Noticed a caustic shrike
 41939 | Depths:3 | Killed a caustic shrike
 41956 | Depths:3 | Killed a caustic shrike
 41963 | Depths:3 | Reached XP level 21. HP: 116/183 MP: 12/28
 41986 | Depths:3 | XOM: fog
 41994 | Depths:3 | Reached skill level 16 in Fighting
 42215 | Depths:3 | XOM: 3-stop teleportation journey
 42502 | Depths:3 | XOM: mild Tloc miscast
 42702 | Depths:4 | Reached skill level 18 in Shields
 42703 | Depths:4 | XOM: summons 11 friendly demons
 42720 | Depths:4 | Found the +7 Singing Sword {slice, sonic wave}
 42723 | Depths:4 | XOM: scenery: create altars
 42844 | Depths:4 | XOM: fake destruction
 42847 | Depths:4 | XOM: smoke on damage
 42851 | Depths:4 | XOM: cleaving
 42852 | Depths:4 | XOM: cleaving
 42865 | Depths:4 | Paralysed by a floating eye for 2 turns
 43096 | Depths:4 | Learned a level 2 spell: Blink
 43353 | Depths:4 | Identified the ring "Xopriox" {*Tele *Drain rN+++ MR-
                  | Dex+9}
 43361 | Depths:4 | Identified the ring of Peqyce {+Fly Int+3 Dex+3}
 43485 | Depths:4 | XOM: enchant monster (bad)
 43557 | Depths:4 | XOM: draining
 43599 | Depths:4 | XOM: harmless Ice miscast
 43600 | Depths:4 | XOM: harmless Tmut miscast
 43806 | Depths:4 | XOM: silly message
 43812 | Depths:4 | XOM: divination: magic mapping
 43880 | Depths:4 | Reached skill level 17 in Fighting
 44020 | Depths:4 | Learned a level 5 spell: Aura of Abjuration
 44121 | Depths:5 | Entered Level 5 of the Depths
 44129 | Depths:5 | XOM: confuse monster(s)
 44137 | Depths:5 | XOM: potion effect (might)
 44138 | Depths:5 | Reached skill level 1 in Summonings
 44155 | Depths:5 | Reached skill level 2 in Summonings
 44225 | Depths:5 | XOM: harmless Air miscast
 44231 | Depths:5 | Reached skill level 3 in Summonings
 44405 | Depths:5 | Reached skill level 19 in Shields
 44524 | Depths:5 | XOM: 1-stop teleportation journey
 44604 | Depths:5 | Noticed a golden dragon
 44612 | Depths:5 | Killed a golden dragon
 44612 | Depths:5 | Reached skill level 4 in Summonings
 44662 | Depths:5 | XOM: god gift: 56 gold pieces
 44695 | Depths:5 | XOM: summons 8 friendly demons
 44732 | Depths:5 | XOM: enchant monster (good)
 44798 | Depths:5 | XOM: summons friendly crimson imp
 44809 | Depths:5 | XOM: confuse monster(s)
 44824 | Depths:5 | Reached XP level 22. HP: 160/194 MP: 29/29
 44845 | Depths:5 | Reached skill level 5 in Summonings
 44918 | Depths:5 | XOM: divination: detect items
 44941 | Depths:5 | Found a gate to the Realm of Zot.
 45105 | Depths:5 | XOM: god gift: brightly glowing hat {god gift}
 45116 | Depths:5 | Got a brightly glowing hat {god gift}
 45122 | Depths:5 | Identified the -4 hat of the Onion {*Contam +Fly rC++
                  | Regen+} (Xom gifted it to you on level 5 of the Depths)
 45204 | Depths:5 | XOM: potion effect (haste)
 45206 | Depths:5 | Reached skill level 6 in Summonings
 45376 | Depths:5 | XOM: divination: detect creatures
 45563 | Vaults:1 | Entered Level 1 of the Vaults
 45620 | Vaults:1 | XOM: silly message
 45699 | Vaults:1 | XOM: enchant monster (good)
 45730 | Vaults:1 | XOM: harmless Tloc miscast
 45731 | Vaults:1 | Reached skill level 7 in Summonings
 45764 | Vaults:1 | XOM: blink monster(s)
 45769 | Vaults:1 | XOM: cast spell 'Statue Form'
 45773 | Vaults:1 | Reached skill level 5 in Spellcasting
 45865 | Vaults:1 | XOM: mild Air miscast
 45883 | Vaults:1 | XOM: summons friendly quasit
 45890 | Vaults:1 | XOM: noise
 46099 | Vaults:1 | Reached skill level 8 in Summonings
 46101 | Vaults:1 | XOM: potion effect (brilliance)
 46110 | Vaults:1 | Lost mutation: Your muscles are strong. (Str +2)
                  | [evolution]
 46201 | Vaults:1 | Reached skill level 6 in Spellcasting
 46205 | Vaults:1 | XOM: cast spell 'Summon Ice Beast'
 46244 | Vaults:1 | XOM: potion effect (berserk rage)
 46269 | Vaults:1 | Reached skill level 20 in Shields
 46298 | Vaults:1 | XOM: give mutations
 46298 | Vaults:1 | Gained mutation: You rapidly evolve. [Xom's mischief]
 46298 | Vaults:1 | Lost mutation: You are dopey. (Int -2) [Xom's mischief]
 46298 | Vaults:1 | Lost mutation: You have a pair of small antennae on your
                  | head. [Xom's mischief]
 46600 | Vaults:1 | XOM: enchant monster (good)
 46793 | Vaults:1 | Reached skill level 7 in Spellcasting
 47080 | Vaults:2 | Found a staircase to the Crypt.
 47080 | Vaults:2 | Found a basalt altar of Yredelemnul.
 47081 | Vaults:2 | Found an ancient bone altar of Kikubaaqudgha.
 47166 | Vaults:2 | XOM: harmless Air miscast
 47176 | Vaults:2 | XOM: silly message
 47179 | Vaults:2 | XOM: divination: detect creatures
 47180 | Vaults:2 | Reached XP level 23. HP: 188/201 MP: 34/34
 47180 | Vaults:2 | XOM: summons 2 friendly demons
 47183 | Vaults:2 | Reached skill level 8 in Spellcasting
 47187 | Vaults:2 | XOM: silly message
 47229 | Vaults:2 | Found Jaucvues's General Store.
 47230 | Vaults:2 | Found Caliw's Assorted Antiques.
 47231 | Vaults:2 | Found Imneg's Book Shoppe.
 47279 | Vaults:2 | Bought a book of Dreams for 1725 gold pieces
 47289 | Vaults:2 | Learned a level 5 spell: Borgnjor's Vile Clutch
 47299 | Vaults:2 | Bought a potion of cancellation for 176 gold pieces
 47299 | Vaults:2 | Bought a potion of curing for 66 gold pieces
 47323 | Vaults:2 | Bought a potion of mutation for 120 gold pieces
 47452 | Vaults:2 | Reached skill level 1 in Earth Magic
 47671 | Vaults:2 | XOM: stat loss: -1 Dex (29/30)
 47752 | Vaults:2 | XOM: polymorph ironheart preserver -> catoblepas
 47754 | Vaults:2 | Reached skill level 2 in Earth Magic
 47871 | Vaults:2 | Reached skill level 5 in Necromancy
 47881 | Vaults:2 | XOM: scenery: create altars
 47886 | Vaults:2 | Reached skill level 3 in Earth Magic
 47887 | Vaults:2 | XOM: summons friendly shadow imp
 47900 | Vaults:2 | Reached skill level 11 in Stealth
 47901 | Vaults:2 | XOM: 1-stop teleportation journey
 48056 | Vaults:2 | XOM: summons friendly ufetubus
 48201 | Vaults:2 | XOM: divination: detect items
 48203 | Vaults:2 | Reached skill level 4 in Earth Magic
 48237 | Vaults:2 | Found a hazy altar of Hepliaklqana.
 48361 | Vaults:2 | Reached skill level 6 in Necromancy
 48376 | Vaults:2 | XOM: scenery: 2 doors open, 1 doors close
 48394 | Vaults:2 | Identified Sif Muna's Collected Works on the Supportive
                  | Oath
 48467 | Vaults:3 | XOM: destruction
 48514 | Vaults:3 | XOM: scenery: create altars
 48519 | Vaults:3 | XOM: polymorph ogre mage -> shapeshifter
 48524 | Vaults:3 | XOM: summons friendly crimson imp
 48545 | Vaults:3 | Reached skill level 12 in Stealth
 48574 | Vaults:2 | Learned a level 6 spell: Statue Form
 48604 | Vaults:3 | XOM: confuse monster(s)
 48660 | Vaults:3 | Reached skill level 5 in Earth Magic
 48673 | Vaults:3 | XOM: confuse monster(s)
 48736 | Vaults:3 | XOM: summons friendly shadow imp
 48739 | Vaults:3 | Reached skill level 1 in Transmutations
 48747 | Vaults:3 | XOM: swap monsters
 48829 | Vaults:3 | Found Tiovijitz's Armour Shop.
 48842 | Vaults:3 | XOM: polymorph vault warden -> dire elephant
 48844 | Vaults:3 | XOM: smoke on damage
 48846 | Vaults:3 | XOM: polymorph dire elephant -> frost giant
 48849 | Vaults:3 | XOM: fog
 48871 | Vaults:3 | Reached skill level 2 in Transmutations
 48981 | Vaults:3 | XOM: enchant monster (good)
 48987 | Vaults:3 | Reached skill level 7 in Necromancy
 49224 | Vaults:3 | XOM: summons friendly sun demon
 49261 | Vaults:3 | XOM: fog
 49288 | Vaults:3 | XOM: scenery: 4 doors close
 49291 | Vaults:3 | Reached skill level 3 in Transmutations
 49379 | Vaults:3 | Reached skill level 6 in Earth Magic
 49524 | Vaults:3 | XOM: destruction
 49530 | Vaults:3 | XOM: potion effect (agility)
 49700 | Vaults:3 | XOM: noise
 49868 | Vaults:4 | Reached skill level 13 in Stealth
 50051 | Vaults:4 | Reached skill level 4 in Transmutations
 50113 | Vaults:4 | Noticed Frederick
 50120 | Vaults:4 | Killed Frederick
 50120 | Vaults:4 | Reached skill level 8 in Necromancy
 50139 | Vaults:4 | Reached XP level 24. HP: 209/209 MP: 35/35
 50184 | Vaults:4 | XOM: scenery: 1 doors open, 1 doors close
 50304 | Vaults:4 | XOM: cloud trail
 50327 | Vaults:4 | XOM: cast spell 'Summon Small Mammal'
 50344 | Vaults:4 | Reached skill level 7 in Earth Magic
 50463 | Vaults:4 | XOM: scenery: 1 doors open
 50476 | Vaults:4 | XOM: cloud trail
 50571 | Vaults:4 | XOM: give mutations
 50571 | Vaults:4 | Lost mutation: One of your tentacles bears a spike. [Xom's
                  | mischief]
 50571 | Vaults:4 | Lost mutation: You do not regenerate when monsters are
                  | visible. [Xom's mischief]
 50831 | Vaults:4 | XOM: cloud trail
 51072 | Vaults:4 | Got a warped granite ring
 51073 | Vaults:4 | Identified the ring of Tunykaq {Ice rN+ Str+2 Dex-5} (You
                  | found it on level 4 of the Vaults)
 51094 | Vaults:4 | XOM: god gift: 19 gold pieces
 51331 | D:11     | XOM: god gift: ration
 51398 | Elf:1    | Entered Level 1 of the Elven Halls
 51414 | Elf:1    | Reached skill level 5 in Transmutations
 51460 | Elf:1    | XOM: harmless Ice miscast
 51585 | Elf:1    | XOM is BORED!
 51585 | Elf:1    | XOM: medium Pois miscast
 51617 | Elf:1    | Noticed Nikola
 51617 | Elf:1    | Noticed Nikola
 51617 | Elf:1    | Nikola changed into Nikola the iron dragon
 51617 | Elf:1    | XOM: polymorph Nikola -> Nikola the iron dragon
 51628 | Elf:1    | XOM: harmless Summ miscast
 51647 | Elf:1    | Reached skill level 14 in Stealth
 51656 | Elf:1    | Killed Nikola the iron dragon
 51798 | Elf:1    | Found Irphor's Antique Weapon Emporium.
 52132 | Elf:1    | XOM: draining
 52179 | Elf:2    | XOM: stealth player
 52189 | Elf:2    | XOM: swap monsters
 52190 | Elf:2    | XOM: polymorph deep elf archer -> slime creature
 52225 | Elf:2    | Found a ruined gateway.
 52236 | Elf:2    | XOM: mild Tmut miscast
 52238 | Elf:2    | Reached skill level 8 in Earth Magic
 52242 | Elf:2    | Reached skill level 6 in Transmutations
 52251 | Elf:2    | XOM: blink monster(s)
 52273 | Desolati | Entered the Desolation of Salt
 52352 | Desolati | XOM: harmless Fire miscast
 52381 | Desolati | Identified the Almanac of Assistive Weightlessness
 52469 | Desolati | XOM: enchant monster (bad)
 52484 | Desolati | XOM: destruction
 52501 | Desolati | Identified the Disquisition on Mutagenic Execration
 52504 | Desolati | Identified the Almanac of Creation
 52507 | Desolati | Identified the Volume of Cankerous Clay
 52514 | Desolati | Identified the Guide on Lethal Hexes
 52519 | Desolati | Identified Sif Muna's Compendium of Assistive Ice
 52522 | Desolati | Identified Sif Muna's Tome of Floating Sinister Magic
 52527 | Desolati | Identified the Disquisition on Destructive Curses
 52573 | Desolati | Reached skill level 15 in Stealth
 52573 | Desolati | Reached skill level 7 in Transmutations
 52715 | Desolati | Reached skill level 9 in Earth Magic
 52770 | Desolati | XOM: 1-stop teleportation journey
 52906 | Desolati | XOM: give mutations
 52906 | Desolati | Lost mutation: You are very agile. (Dex +4) [Xom's
                  | mischief]
 52906 | Desolati | Lost mutation: You expend magic power (3 MP) to strengthen
                  | your wands. [Xom's mischief]
 52906 | Desolati | Lost mutation: Your system is resistant to poisons. (rPois)
                  | [Xom's mischief]
 52910 | Desolati | XOM: give mutations
 52910 | Desolati | Gained mutation: Scrolls take you a little longer to read.
                  | [Xom's mischief]
 52910 | Desolati | Lost mutation: You are resistant to hostile enchantments.
                  | (MR+) [Xom's mischief]
 52910 | Desolati | Gained mutation: You are covered in fur. (AC +1) [Xom's
                  | mischief]
 53257 | Desolati | Got a flickering silver ring
 53260 | Desolati | Identified the ring of Suamiame {*Slow rPois rC++ MR+ MP+9}
                  | (You found it in the Desolation of Salt)
 53262 | Desolati | Got a warped pewter ring
 53265 | Desolati | Identified the ring of Besev {rC+ MP+9} (You found it in
                  | the Desolation of Salt)
 53266 | Desolati | XOM: god gift: 2 datura-tipped darts
 53302 | Elf:2    | Found a runed translucent gate.
 53303 | Elf:2    | Found a runed translucent gate.
 53303 | Elf:2    | Found a runed translucent gate.
 53304 | Elf:2    | Found Myesuohe's General Store.
 53304 | Elf:2    | Noticed Kaes's ghost (adept MiFi)
 53316 | Elf:2    | Bought a scroll of fear for 70 gold pieces
 53316 | Elf:2    | Bought a phantom mirror for 600 gold pieces
 53316 | Elf:2    | Bought a scroll of identify for 40 gold pieces
 53371 | Elf:2    | Reached skill level 8 in Transmutations
 53392 | Elf:2    | XOM: mild Chrm miscast
 53488 | Elf:2    | XOM: summons 6 hostile demons
 53636 | Elf:2    | Killed Kaes's ghost
 53636 | Elf:2    | Reached skill level 10 in Earth Magic
 53637 | Elf:2    | XOM: summons 1 hostile shadow creature
 53744 | Elf:2    | Reached skill level 9 in Transmutations
 53893 | Elf:2    | XOM: 1-stop teleportation journey
 53919 | Elf:2    | Found a huge runed translucent gate.
 53926 | Elf:2    | Found a huge runed translucent gate.
 53927 | Elf:2    | Found a huge runed translucent gate.
 53928 | Elf:2    | Found a huge runed translucent gate.
 53929 | Elf:2    | Found a huge runed translucent gate.
 53964 | Elf:2    | XOM: summons 1 hostile shadow creature
 54018 | Elf:2    | Reached skill level 10 in Transmutations
 54268 | Elf:2    | XOM: noise
 54287 | Elf:2    | XOM: give mutations
 54287 | Elf:2    | Gained mutation: Your spells are a little harder to cast,
                  | but a little more powerful. [Xom's mischief]
 54287 | Elf:2    | Gained mutation: Your spells are harder to cast, but more
                  | powerful. [Xom's mischief]
 54409 | Elf:2    | XOM: harmless Ice miscast
 54470 | Elf:2    | Reached skill level 9 in Spellcasting
 54470 | Elf:2    | Reached XP level 25. HP: 215/215 MP: 36/36
 54471 | Elf:2    | Reached skill level 10 in Spellcasting
 54471 | Elf:2    | Reached XP level 26. HP: 223/223 MP: 37/37
 54492 | Elf:3    | Entered Level 3 of the Elven Halls
 54492 | Elf:3    | Noticed Saint Roka
 54501 | Elf:3    | Reached XP level 27. HP: 229/229 MP: 37/37
 54506 | Elf:3    | Killed Saint Roka
 54576 | Elf:3    | Reached skill level 11 in Transmutations
 54576 | Elf:3    | Reached skill level 11 in Earth Magic
 54577 | Elf:3    | XOM: smoke on damage
 54581 | Elf:3    | XOM: noise
 54583 | Elf:3    | XOM: harmless Tmut miscast
 54696 | Elf:3    | XOM: 2-stop teleportation journey
 54699 | Elf:3    | XOM: polymorph deep elf mage -> manticore
 54726 | Elf:3    | Identified the +6 broad axe of Woaruil {antimagic, rF+ rC+}
 54726 | Elf:3    | Identified the ring "Jimipocu" {+Inv rCorr Str+3}
 54760 | Elf:3    | Identified the +6 swamp dragon scales "Cuqedin" {rPois
                  | Str+6 Int-3}
 54763 | Elf:3    | Identified the +3 lajatang of Parts Unknown {slice, rElec
                  | Str+5}
 54764 | Elf:3    | Identified the ring "Guriuc" {*Tele rC+ Str+2 Slay+2}
 54766 | Elf:3    | XOM: summons 3 friendly demons
 54772 | Elf:3    | XOM: summons friendly crimson imp
 54785 | Elf:3    | XOM: summons friendly shadow imp
 54792 | Elf:3    | XOM: 9-stop teleportation journey
 55039 | Elf:3    | Identified the Collected Works on Unstable Fire
 55044 | Elf:3    | Reached skill level 12 in Transmutations
 55044 | Elf:3    | Reached skill level 12 in Earth Magic
 55049 | Elf:3    | Identified Sif Muna's Papyrus of the Lucky Volcanoes
 55058 | Elf:3    | Identified Henasaqe's Disquisition on Clay and the Arsonist
 55209 | Elf:3    | XOM: summons 1 hostile demon
 55612 | Elf:3    | Got a translucent ivory amulet
 55615 | Elf:3    | Identified the amulet "Nagucve" {Inacc +Inv rElec Str-4}
                  | (You found it on level 3 of the Elven Halls)
 55629 | Elf:3    | Upgraded the game from 0.25-a0-263-g9d16a9d099 to
                  | 0.25-a0-265-g7af84ae0ac
 55640 | Elf:3    | Learned a level 6 spell: Deflect Missiles
 55739 | Elf:1    | XOM: cloud trail
 56037 | Vaults:5 | Entered Level 5 of the Vaults
 56076 | Vaults:5 | XOM: scenery: 2 doors open, 1 doors close
 56077 | Vaults:5 | XOM: summons friendly crimson imp
 56083 | Vaults:5 | XOM: potion effect (berserk rage)
 56090 | Vaults:5 | Reached skill level 5 in Air Magic
 56091 | Vaults:5 | Reached skill level 5 in Charms
 56116 | Vaults:5 | XOM: enchant monster (good)
 56118 | Vaults:5 | XOM: medium Fire miscast
 56137 | Vaults:5 | Reached skill level 6 in Air Magic
 56145 | Vaults:5 | Reached skill level 11 in Spellcasting
 56145 | Vaults:5 | Reached skill level 6 in Charms
 56191 | Vaults:5 | Found the +6 shillelagh "Devastator" {shatter}
 56193 | Vaults:5 | Identified the +7 hand axe of Ihasaok Itue {venom, rElec
                  | rF+ rC+ MR+}
 56200 | Vaults:5 | XOM: confuse monster(s)
 56263 | Vaults:5 | XOM: summons 5 friendly demons
 56282 | Vaults:5 | XOM: summons 10 friendly demons
 56288 | Vaults:5 | Noticed Mara
 56294 | Vaults:5 | Noticed Redear's illusion
 56298 | Vaults:5 | XOM: polymorph deep elf mage -> elephant
 56310 | Vaults:5 | XOM: destruction
 56333 | Vaults:5 | Reached skill level 7 in Air Magic
 56335 | Vaults:5 | Reached skill level 7 in Charms
 56340 | Vaults:5 | Noticed Redear's illusion
 56345 | Vaults:5 | Killed Mara
 56432 | Vaults:5 | XOM: summons 2 friendly demons
 56433 | Vaults:5 | XOM: polymorph white imp -> iron imp
 56434 | Vaults:5 | XOM: divination: magic mapping
 56448 | Vaults:5 | Identified the +5 trident of Itisob {pain, rC+}
 56464 | Vaults:5 | Reached skill level 8 in Air Magic
 56467 | Vaults:5 | Reached skill level 8 in Charms
 56483 | Vaults:5 | Identified the amulet "Moemois" {Spirit Stlth+}
 56531 | Vaults:5 | XOM: silly message
 56540 | Vaults:5 | Reached skill level 12 in Spellcasting
 56691 | Vaults:5 | Noticed Sojobo
 56694 | Vaults:5 | XOM: potion effect (heal wounds)
 56702 | Vaults:5 | Killed Sojobo
 56704 | Vaults:5 | Reached skill level 21 in Shields
 57065 | Vaults:5 | XOM: harmless Necr miscast
 57095 | Vaults:5 | Lost mutation: You rapidly evolve. [evolution]
 57116 | Vaults:5 | Noticed Boris
 57131 | Vaults:5 | Killed Boris
 57171 | Vaults:5 | Found the +3 Elemental Staff {rElec rF++ rC++ MR++ AC+5}
 57186 | Vaults:5 | XOM: silly message
 57279 | Vaults:5 | XOM: destruction
 57360 | Vaults:5 | Noticed Jory
 57375 | Vaults:5 | XOM: polymorph storm dragon -> death yak
 57381 | Vaults:5 | Killed Jory
 57397 | Vaults:5 | Reached skill level 22 in Shields
 57397 | Vaults:5 | XOM: fog
 57474 | Vaults:5 | Identified the +8 dagger "Asko" {freeze, +Fly}
 57550 | Vaults:5 | Got a silver rune of Zot
 57688 | Vaults:5 | Learned a level 3 spell: Lesser Beckoning
 58403 | Lair:1   | XOM: god gift: 5 silver javelins
 59091 | D:13     | XOM is BORED!
 59091 | D:13     | XOM: give mutations
 59091 | D:13     | Gained mutation: You are weak. (Str -2) [Xom's mischief]
 59091 | D:13     | Lost mutation: You are agile. (Dex +2) [Xom's mischief]
 59091 | D:13     | Lost mutation: You are covered in fur. (AC +1) [Xom's
                  | mischief]
 59091 | D:13     | Lost mutation: You are very robust. (+20% HP) [Xom's
                  | mischief]
 59262 | Zot:1    | Entered Level 1 of the Realm of Zot
 59273 | Zot:1    | XOM: potion effect (agility)
 60360 | Zot:2    | Reached skill level 23 in Shields
 60733 | Zot:2    | XOM: noise
 60940 | Zot:2    | Got a coiled tin ring
 60940 | Zot:2    | XOM: divination: detect items
 60943 | Zot:2    | Identified the ring "Laweng" {+Fly Int+4} (You found it on
                  | level 2 of the Realm of Zot)
 61037 | Zot:3    | Noticed an orb of fire
 61038 | Zot:3    | XOM: potion effect (heal wounds)
 61043 | Zot:3    | Lost mutation: You are robust. (+10% HP) [an orb of fire]
 61046 | Zot:3    | XOM: confusion
 61053 | Zot:3    | Killed an orb of fire
 61055 | Zot:3    | XOM: summons 13 hostile demons
 61058 | Zot:3    | XOM: confuse monster(s)
 61070 | Zot:3    | XOM: polymorph moth of wrath -> eye of devastation
 61133 | Zot:3    | XOM: 4-stop teleportation journey
 61157 | Zot:3    | XOM: polymorph yellow draconian -> death yak
 61164 | Zot:3    | XOM: cast spell 'Summon Small Mammal'
 61180 | Zot:3    | Reached skill level 24 in Shields
 61180 | Zot:3    | XOM: harmless Summ miscast
 61266 | Zot:3    | XOM: enchant monster (good)
 61515 | Zot:3    | XOM: divination: magic mapping
 61608 | Zot:3    | XOM: noise
 61783 | Zot:3    | XOM: medium Chrm miscast
 61923 | Zot:4    | XOM: harmless Tmut miscast
 62185 | Zot:4    | XOM: harmless Fire miscast
 62194 | Zot:4    | XOM: harmless Summ miscast
 62242 | Zot:4    | XOM: give mutation
 62242 | Zot:4    | Gained mutation: One of your tentacles bears a spike.
                  | [Xom's grace]
 62300 | Zot:5    | Entered Level 5 of the Realm of Zot
 62328 | Zot:5    | XOM: enchant monster (good)
 62329 | Zot:5    | XOM: god gift: 550 gold pieces
 62333 | Zot:5    | Reached skill level 25 in Shields
 62340 | Zot:5    | XOM: fog
 62464 | Zot:5    | XOM: scenery: create altars
 62497 | Zot:5    | XOM: cleaving
 62669 | Zot:5    | XOM: scenery: create altars
 62692 | Zot:5    | XOM: god gift: shortbow {god gift}
 62707 | Zot:5    | XOM: give mutations
 62707 | Zot:5    | Gained mutation: You possess an exceptional clarity of
                  | mind. [Xom's grace]
 62707 | Zot:5    | Gained mutation: One of your tentacles bears a nasty spike.
                  | [Xom's grace]
 62707 | Zot:5    | Gained mutation: Your spells are much harder to cast, but
                  | much more powerful. [Xom's grace]
 62894 | Zot:2    | XOM: scenery: create altars
 63186 | Zot:5    | XOM: summons 2 friendly demons
 63208 | Zot:5    | Reached skill level 16 in Dodging
 63226 | Zot:5    | Reached skill level 18 in Fighting
 63243 | Zot:5    | XOM: destruction
 63301 | Zot:5    | Noticed an orb of fire
 63309 | Zot:5    | XOM: give mutations
 63309 | Zot:5    | Gained mutation: You are resistant to electric shocks.
                  | (rElec) [Xom's grace]
 63309 | Zot:5    | Gained mutation: You are agile. (Dex +2) [Xom's grace]
 63322 | Zot:5    | XOM: summons 3 friendly demons
 63323 | Zot:5    | XOM: harmless Pois miscast
 63328 | Zot:5    | Killed an orb of fire
 63363 | Zot:5    | XOM: potion effect (agility)
 63371 | Zot:5    | XOM: summons friendly iron imp
 63383 | Zot:5    | XOM: confuse monster(s)
 63404 | Zot:5    | Reached skill level 17 in Dodging
 63482 | Zot:5    | XOM: harmless Hex miscast
 63491 | Zot:5    | Reached skill level 19 in Fighting
 63572 | Zot:5    | Noticed an ancient lich
 63576 | Zot:5    | XOM: confuse monster(s)
 63581 | Zot:5    | Noticed an ancient lich
 63588 | Zot:5    | Killed an ancient lich
 63591 | Zot:5    | Noticed an orb of fire
 63605 | Zot:5    | Killed an ancient lich
 63614 | Zot:5    | Killed an orb of fire
 63617 | Zot:5    | XOM: silly message
 63627 | Zot:5    | Reached skill level 18 in Dodging
 63702 | Zot:5    | Noticed an ancient lich
 63708 | Zot:5    | XOM: potion effect (haste)
 63748 | Zot:5    | XOM: harmless Ice miscast
 63750 | Zot:5    | Killed an ancient lich
 63831 | Zot:5    | XOM: noise
 64324 | Crypt:1  | Entered Level 1 of the Crypt
 64385 | Crypt:1  | Reached skill level 20 in Fighting
 64390 | Crypt:1  | XOM: enchant monster (good)
 64398 | Crypt:1  | Noticed Mennas
 64408 | Crypt:1  | XOM: potion effect (berserk rage)
 64413 | Crypt:1  | Killed Mennas
 64432 | Crypt:1  | XOM: potion effect (invisibility)
 64497 | Crypt:1  | XOM: potion effect (haste)
 64534 | Crypt:1  | Reached skill level 19 in Dodging
 64671 | Crypt:1  | Gained mutation: Your skin blends seamlessly with your
                  | surroundings (Stealth++). [evolution]
 64824 | Crypt:1  | XOM: divination: detect creatures
 65085 | Crypt:2  | Noticed Boris
 65098 | Crypt:2  | Killed Boris
 65105 | Crypt:2  | XOM: cast spell 'Summon Small Mammal'
 65108 | Crypt:2  | XOM: enchant monster (bad)
 65129 | Crypt:2  | XOM: mild Tmut miscast
 65135 | Crypt:2  | XOM: confuse monster(s)
 65216 | Crypt:2  | XOM: silly message
 65434 | Crypt:2  | XOM: give mutation
 65434 | Crypt:2  | Lost mutation: You are agile. (Dex +2) [Xom's mischief]
 65606 | Crypt:3  | Entered Level 3 of the Crypt
 65606 | Crypt:3  | XOM: harmless Ice miscast
 65668 | Crypt:3  | Reached skill level 20 in Dodging
 65728 | Crypt:3  | Noticed an ancient lich
 65734 | Crypt:3  | Killed an ancient lich
 65746 | Crypt:3  | Identified the Compendium of Lucky Transmigration
 65970 | Crypt:3  | Found an ancient bone altar of Kikubaaqudgha.
 66217 | Crypt:3  | XOM: destruction
 66225 | Crypt:3  | XOM: summons friendly neqoxec
 66250 | Crypt:3  | Reached skill level 21 in Dodging
 66307 | Crypt:3  | Found a staircase to the Tomb.
 66413 | Crypt:3  | Noticed Margery
 66422 | Crypt:3  | Killed Margery
 66566 | Crypt:3  | XOM: swap monsters
 66572 | Crypt:3  | XOM: blink monster(s)
 66617 | Crypt:3  | XOM: severe Necr miscast
 66623 | Crypt:3  | XOM: give mutation
 66623 | Crypt:3  | Lost mutation: You possess an exceptional clarity of mind.
                  | [Xom's mischief]
 66702 | Crypt:3  | XOM: 1-stop teleportation journey
 67141 | Crypt:3  | XOM: torment (140/201 hp)
 67479 | Depths:1 | Voluntarily entered the Abyss.
 67548 | Abyss:1  | XOM: mild Hex miscast
 67710 | Abyss:1  | XOM: severe Hex miscast
 67744 | Abyss:1  | Gained mutation: Scrolls take you longer to read.
                  | [mutagenic glow]
 67745 | Abyss:1  | XOM: give mutations
 67745 | Abyss:1  | Lost mutation: You are weak. (Str -2) [Xom's mischief]
 67745 | Abyss:1  | Lost mutation: Scrolls take you longer to read. [Xom's
                  | mischief]
 67771 | Abyss:2  | Gained mutation: Your magical capacity is low. (-10% MP)
                  | [mutagenic glow]
 67899 | Abyss:2  | Found a corrupted altar of Lugonu.
 67911 | Abyss:2  | XOM: mild Air miscast
 68072 | Abyss:2  | Reached skill level 22 in Dodging
 68080 | Depths:1 | Escaped the Abyss
 68082 | Depths:1 | Voluntarily entered the Abyss.
 68099 | Abyss:1  | Reached skill level 1 in Translocations
 68130 | Abyss:1  | Noticed an ancient lich
 68132 | Abyss:1  | XOM: summons 2 friendly demons
 68141 | Abyss:1  | Killed an ancient lich
 68141 | Abyss:1  | Reached skill level 3 in Translocations
 68550 | Abyss:4  | Reached skill level 9 in Summonings
 68622 | Abyss:4  | XOM: summons friendly ufetubus
 68626 | Abyss:4  | XOM: cleaving
 68632 | Abyss:4  | Reached skill level 4 in Translocations
 68633 | Abyss:5  | Entered Level 5 of the Abyss
 68651 | Abyss:5  | XOM: draining
 68710 | Abyss:5  | XOM: cleaving
 68718 | Abyss:5  | XOM: scenery: create altars
 68720 | Abyss:5  | XOM: scenery: create altars
 68753 | Abyss:5  | Reached skill level 5 in Translocations
 68756 | Abyss:5  | XOM: cleaving
 68778 | Abyss:5  | Got an abyssal rune of Zot
 68779 | Abyss:5  | XOM: god gift: 2130 gold pieces
 68793 | Abyss:5  | XOM: summons friendly ufetubus
 68798 | Abyss:5  | Paralysed by accursed screaming for 1 turns
 68821 | Depths:1 | Escaped the Abyss
 68875 | Depths:1 | XOM: scenery: 2 doors close
 68905 | Hell     | Entered the Vestibule of Hell
 68905 | Hell     | Noticed Geryon
 68912 | Hell     | XOM: summons 16 friendly demons
 68917 | Hell     | Killed Geryon
 68917 | Hell     | Reached skill level 10 in Summonings
 68921 | Hell     | Reached skill level 6 in Translocations
 68924 | Hell     | Noticed Murray
 68929 | Hell     | XOM: divine lightning
 68936 | Hell     | XOM: harmless Fire miscast
 68959 | Depths:1 | Killed Murray
 69046 | Hell     | XOM: summons 2 friendly demons
 69054 | Hell     | Reached skill level 7 in Translocations
 69157 | Hell     | XOM: summons friendly iron imp
 69164 | Hell     | Reached skill level 11 in Summonings
 69172 | Hell     | XOM: polymorph iron imp -> white imp
 69190 | Hell     | XOM: cast spell 'Ring of Flames'
 69197 | Hell     | Reached skill level 8 in Translocations
 69197 | Hell     | XOM: harmless Chrm miscast
 69202 | Hell     | XOM: potion effect (magic)
 69279 | Hell     | Found a gateway to the decaying netherworld of Tartarus.
 69355 | Hell     | Found a gateway to the freezing wastes of Cocytus.
 69457 | Hell     | Found a gateway to the Iron City of Dis.
 69512 | Hell     | Found a gateway to the ashen valley of Gehenna.
 69748 | Coc:1    | Entered Level 1 of Cocytus
 69765 | Coc:1    | XOM: harmless Hex miscast
 69841 | Coc:1    | Reached skill level 9 in Translocations
 69889 | Coc:1    | XOM: summons friendly iron imp
 69894 | Coc:1    | XOM: scenery: create altars
 69926 | Coc:1    | Reached skill level 12 in Summonings
 69952 | Coc:1    | XOM: god gift: 52 gold pieces
 70061 | Coc:2    | XOM: polymorph ice beast -> bullfrog
 70063 | Coc:2    | XOM: summons friendly crimson imp
 70068 | Coc:2    | Reached skill level 10 in Translocations
 70141 | Coc:3    | XOM: harmless Tmut miscast
 70235 | Coc:4    | Reached skill level 11 in Translocations
 70238 | Coc:4    | XOM: confusion (+ monsters)
 70353 | Coc:1    | XOM: 1-stop teleportation journey
 70367 | Coc:1    | Reached skill level 12 in Translocations
 70411 | Coc:3    | XOM: polymorph white imp -> crimson imp
 70682 | Coc:5    | XOM: harmless Hex miscast
 70696 | Coc:5    | XOM: cast spell 'Metabolic Englaciation'
 70708 | Coc:5    | Reached skill level 9 in Necromancy
 70754 | Coc:5    | XOM: confusion (+ monsters)
 70814 | Coc:6    | XOM: butterfly on damage
 70966 | Coc:6    | Reached skill level 10 in Necromancy
 70987 | Coc:6    | XOM: scenery: create altars
 71106 | Coc:6    | XOM: harmless Fire miscast
 71117 | Coc:7    | Entered Level 7 of Cocytus
 71145 | Coc:7    | XOM: divination: detect items
 71146 | Coc:7    | XOM: fog
 71183 | Coc:7    | XOM: blink monster(s)
 71187 | Coc:7    | Reached skill level 11 in Necromancy
 71202 | Coc:7    | XOM: confusion (+ monsters)
 71211 | Coc:7    | XOM: summons 2 hostile demons
 71214 | Coc:7    | XOM: confusion (+ monsters)
 71248 | Coc:7    | XOM: swap monsters
 71256 | Coc:7    | XOM: confuse monster(s)
 71346 | Coc:7    | Reached skill level 12 in Necromancy
 71350 | Coc:7    | XOM: potion effect (agility)
 71376 | Coc:7    | XOM: harmless Hex miscast
 71394 | Coc:7    | XOM: fog
 71407 | Coc:7    | XOM: cleaving
 71451 | Coc:7    | XOM: fake destruction
 71453 | Coc:7    | XOM: cleaving
 71454 | Coc:7    | Reached skill level 13 in Necromancy
 71454 | Coc:7    | Noticed Antaeus
 71462 | Coc:7    | XOM: polymorph Antaeus -> Antaeus
 71475 | Coc:7    | Killed Antaeus
 71507 | Coc:7    | Reached skill level 14 in Necromancy
 71529 | Coc:7    | XOM: give mutation
 71529 | Coc:7    | Gained mutation: Your body sometimes deteriorates upon
                  | taking damage. [Xom's mischief]
 71561 | Coc:7    | Got an icy rune of Zot
 71573 | Coc:7    | Got a translucent golden amulet
 71576 | Coc:7    | Identified the amulet of Wurhimp {Acrobat *Corrode rN+
                  | Int+4} (You found it on level 7 of Cocytus)
 71757 | Coc:7    | Reached skill level 15 in Necromancy
 71773 | Coc:7    | XOM: summons friendly iron imp
 71774 | Coc:7    | XOM: divination: magic mapping
 71788 | Coc:7    | XOM: destruction
 71831 | Coc:7    | Reached skill level 16 in Necromancy
 71894 | Coc:7    | Identified the +5 war axe of the Ring {chop, Int+3}
 71896 | Coc:7    | Identified the +5 scythe of Theory {slice, rPois rC- Dex+4}
 71919 | Coc:7    | Identified the +2 chain mail "Fympan" {rF+ rC++ rCorr
                  | Dex-3}
 71950 | Coc:7    | Identified the Tome of Stones and Ignition
 72080 | Geh:1    | Entered Level 1 of Gehenna
 72116 | Geh:1    | XOM: polymorph Brimstone Fiend -> Ice Fiend
 72163 | Geh:1    | XOM: 2-stop teleportation journey
 72181 | Geh:1    | XOM: enchant monster (good)
 72192 | Geh:1    | Reached skill level 17 in Necromancy
 72240 | Geh:1    | XOM: enchant monster (good)
 72241 | Geh:1    | XOM: cast spell 'Call Canine Familiar'
 72319 | Geh:2    | XOM: cast spell 'Metabolic Englaciation'
 72428 | Geh:4    | XOM: fog
 72511 | Geh:5    | XOM: noise
 72617 | Geh:5    | Reached skill level 18 in Necromancy
 72711 | Geh:5    | XOM: confusion (+ monsters)
 72758 | Geh:7    | Entered Level 7 of Gehenna
 72769 | Geh:7    | XOM: confusion (+ monsters)
 72789 | Geh:7    | XOM: enchant monster (good)
 72886 | Geh:7    | XOM: cleaving
 72926 | Geh:7    | XOM: enchant monster (good)
 72993 | Geh:7    | Reached skill level 19 in Necromancy
 73014 | Geh:7    | XOM: potion effect (invisibility)
 73050 | Geh:7    | XOM: cleaving
 73148 | Geh:7    | XOM: enchant monster (good)
 73204 | Geh:7    | Identified the amulet of Bumupn {Faith rPois}
 73221 | Geh:7    | XOM: confusion (+ monsters)
 73223 | Geh:7    | XOM: 2-stop teleportation journey
 73316 | Geh:7    | XOM: cleaving
 73345 | Geh:7    | Reached skill level 20 in Necromancy
 73402 | Geh:7    | XOM: divine lightning
 73475 | Geh:7    | Identified the +7 sceptre of Asmodeus
 73475 | Geh:7    | Noticed Asmodeus
 73489 | Geh:7    | Killed Asmodeus
 73506 | Geh:7    | Got an obsidian rune of Zot
 73570 | Geh:7    | Paralysed by an eldritch tentacle for 5 turns
 73572 | Geh:7    | XOM: cleaving
 73574 | Geh:7    | Cast into level 3 of the Abyss (eldritch tentacle)
 73574 | Geh:7    | Escaped the Abyss
 73574 | Geh:7    | XOM: revert banishment
 73702 | Geh:7    | XOM: 2-stop teleportation journey
 73715 | Geh:7    | XOM: god gift: scroll of enchant weapon
 73768 | Tar:1    | Entered Level 1 of Tartarus
 73801 | Tar:1    | XOM: fake destruction
 73818 | Tar:1    | XOM: silly message
 73891 | Dis:1    | Entered Level 1 of the Iron City of Dis
 74016 | Dis:2    | Reached skill level 13 in Transmutations
 74131 | Dis:2    | XOM: potion effect (heal wounds)
 74168 | Dis:2    | XOM: smoke on damage
 74169 | Dis:2    | Reached skill level 13 in Spellcasting
 74457 | Dis:2    | XOM: silly message
 74696 | Dis:3    | XOM: blink monster(s)
 74801 | Dis:3    | Reached skill level 14 in Transmutations
 74832 | Dis:4    | XOM: stealth player
 74834 | Dis:4    | XOM: mild Chrm miscast
 74908 | Dis:5    | XOM: mild Chrm miscast
 74936 | Dis:5    | XOM: confuse monster(s)
 74973 | Dis:5    | Reached skill level 14 in Spellcasting
 75219 | Dis:6    | XOM: confuse monster(s)
 75288 | Dis:7    | Entered Level 7 of the Iron City of Dis
 75338 | Dis:7    | XOM: cast spell 'Summon Ice Beast'
 75354 | Dis:7    | XOM: harmless Conj miscast
 75357 | Dis:7    | XOM: fog
 75391 | Dis:7    | Reached skill level 15 in Transmutations
 75415 | Dis:7    | XOM: 3-stop teleportation journey
 75429 | Dis:7    | XOM: cast spell 'Discord'
 75435 | Dis:7    | XOM: blink monster(s)
 75441 | Dis:7    | XOM: noise
 75584 | Dis:7    | XOM: enchant monster (bad)
 75641 | Dis:7    | Learned a level 8 spell: Necromutation
 75691 | Dis:7    | Reached skill level 15 in Spellcasting
 75718 | Dis:7    | XOM: noise
 75720 | Dis:7    | XOM: mild Fire miscast
 75742 | Dis:7    | XOM: summons friendly shadow imp
 75746 | Dis:7    | Reached skill level 16 in Transmutations
 75767 | Dis:7    | Gained mutation: One of your tentacles bears a large
                  | vicious spike. [evolution]
 75858 | Dis:7    | XOM: summons 1 hostile demon
 75898 | Dis:7    | Identified the +4 staff of Dispater
 75898 | Dis:7    | Noticed Dispater
 75907 | Dis:7    | Reached skill level 17 in Transmutations
 75917 | Dis:7    | Killed Dispater
 75952 | Dis:7    | Got a bone dagger
 75956 | Dis:7    | Identified the +1 dagger of Earthquakes {drain, rC+ Int+2
                  | Dex-5} (You found it on level 7 of the Iron City of Dis)
 75964 | Dis:7    | Got an iron rune of Zot
 76037 | Dis:7    | XOM: enchant monster (good)
 76218 | Dis:7    | Reached skill level 18 in Transmutations
 76327 | Dis:7    | XOM: cast spell 'Leda's Liquefaction'
 76372 | Dis:7    | XOM: noise
 76460 | Dis:7    | Identified the Tome of the Enchanting Arsonist
 76578 | Dis:7    | Gained mutation: Your body often deteriorates upon taking
                  | damage. [mutagenic glow]
 76663 | Dis:7    | XOM: scenery: 2 doors close
 76786 | Dis:7    | XOM: summons friendly white imp
 76908 | Hell     | XOM: give mutation
 76908 | Hell     | Gained mutation: You possess an exceptional clarity of
                  | mind. [Xom's grace]
 76953 | Tar:1    | XOM: scenery: create altars
 76957 | Tar:1    | XOM: confuse monster(s)
 76985 | Tar:1    | Reached skill level 21 in Necromancy
 77042 | Tar:1    | XOM: potion effect (might)
 77047 | Tar:1    | XOM: divination: magic mapping
 77288 | Tar:1    | XOM: enchant monster (good)
 77309 | Tar:1    | XOM: cast spell 'Cause Fear'
 77323 | Tar:1    | XOM: divination: detect creatures
 77497 | Tar:1    | Reached skill level 22 in Necromancy
 77590 | Tar:2    | XOM: scenery: create altars
 77605 | Tar:2    | XOM: fake destruction
 77620 | Tar:2    | XOM: cast spell 'Disjunction'
 77683 | Tar:2    | XOM: summons friendly crimson imp
 77708 | Tar:3    | You fall into a shaft and drop 3 floors!
 77724 | Tar:6    | XOM: god gift: 20 gold pieces
 77758 | Tar:6    | Reached skill level 23 in Necromancy
 77798 | Tar:6    | You fall into a shaft and drop 1 floor!
 77798 | Tar:7    | Entered Level 7 of Tartarus
 77928 | Tar:7    | XOM: mild Summ miscast
 77931 | Tar:7    | XOM: summons 2 friendly demons
 77943 | Tar:7    | Gained mutation: You occasionally shout uncontrollably at
                  | your foes. [mutagenic glow]
 78005 | Tar:7    | XOM: enchant monster (good)
 78026 | Tar:7    | XOM: noise
 78073 | Tar:7    | XOM: potion effect (haste)
 78076 | Tar:7    | Noticed an ancient lich
 78085 | Tar:7    | XOM: potion effect (invisibility)
 78090 | Tar:7    | Reached skill level 16 in Spellcasting
 78092 | Tar:7    | XOM: silly message
 78099 | Tar:7    | Killed an ancient lich
 78102 | Tar:7    | XOM: silly message
 78175 | Tar:7    | Noticed the Serpent of Hell
 78192 | Tar:7    | Killed the Serpent of Hell
 78194 | Tar:7    | Reached skill level 17 in Spellcasting
 78199 | Tar:7    | XOM: smoke on damage
 78202 | Tar:7    | XOM: potion effect (might)
 78255 | Tar:7    | XOM: potion effect (agility)
 78267 | Tar:7    | XOM: potion effect (berserk rage)
 78341 | Tar:7    | Reached skill level 18 in Spellcasting
 78367 | Tar:7    | Noticed Ereshkigal
 78420 | Tar:7    | XOM: cast spell 'Summon Small Mammal'
 78422 | Tar:7    | XOM: divination: detect creatures
 78426 | Tar:7    | XOM: harmless Air miscast
 78427 | Tar:7    | Killed Ereshkigal
 78459 | Tar:7    | XOM: harmless Tloc miscast
 78506 | Tar:7    | XOM: god gift: potion of curing
 78570 | Tar:7    | Got a bone rune of Zot
 78604 | Tar:7    | XOM: potion effect (berserk rage)
 78629 | Tar:7    | XOM: polymorph reaper -> lorocyproca
 78633 | Tar:7    | Reached skill level 19 in Spellcasting
 78679 | Tar:7    | XOM: polymorph reaper -> green death
 78762 | Hell     | Learned a level 8 spell: Infestation
 78819 | Zig:1    | Entered Level 1 of a ziggurat
 78831 | Zig:2    | Entered Level 2 of a ziggurat
 78866 | Zig:2    | Got a sparkling lead ring
 78869 | Zig:2    | Identified the ring of Ashenzari's Delight {rN+ Str+2 Int-2
                  | Slay+6 Stlth+} (You acquired it on level 2 of a ziggurat)
 78882 | Zig:3    | Entered Level 3 of a ziggurat
 78909 | Zig:4    | Entered Level 4 of a ziggurat
 78937 | Zig:5    | Entered Level 5 of a ziggurat
 78964 | Zig:5    | Paralysed by accursed screaming for 2 turns
 79027 | Zig:6    | Entered Level 6 of a ziggurat
 79031 | Zig:6    | XOM: cleaving
 79137 | Zig:6    | XOM: 3-stop teleportation journey
 79153 | Zig:7    | Entered Level 7 of a ziggurat
 79159 | Zig:7    | Noticed Riher the pandemonium lord
 79164 | Zig:7    | XOM: mild Air miscast
 79178 | Zig:7    | Killed Riher the pandemonium lord
 79226 | Zig:7    | Got a vibrating lead ring
 79231 | Zig:7    | Identified the ring of the Invisible Hand {*Tele Int+2}
                  | (You found it on level 7 of a ziggurat)
 79331 | Zig:8    | Entered Level 8 of a ziggurat
 79338 | Zig:8    | Noticed a juggernaut
 79346 | Zig:8    | Reached skill level 13 in Earth Magic
 79346 | Zig:8    | XOM: polymorph orc warrior -> glowing shapeshifter
 79349 | Zig:8    | XOM: mild Tloc miscast
 79351 | Zig:8    | Killed a juggernaut
 79385 | Zig:9    | Entered Level 9 of a ziggurat
 79393 | Zig:9    | Noticed Zauli the pandemonium lord
 79394 | Zig:9    | Found the +3 giant club "Skullcrusher" {speed, Str+7}
 79416 | Zig:9    | Killed Zauli the pandemonium lord
 79462 | Zig:9    | Got a clouded tin ring
 79465 | Zig:9    | Identified the cursed ring of the Firefly {+Blink Slay-3}
                  | (You found it on level 9 of a ziggurat)
 79532 | Zig:10   | Entered Level 10 of a ziggurat
 79548 | Zig:10   | XOM: summons 7 friendly demons
 79558 | Zig:10   | XOM: cleaving
 79561 | Zig:10   | Reached skill level 20 in Spellcasting
 79562 | Zig:10   | Reached skill level 14 in Earth Magic
 79641 | Zig:10   | XOM: noise
 79703 | Zig:11   | Entered Level 11 of a ziggurat
 79707 | Zig:11   | Noticed a greater mummy
 79721 | Zig:11   | Killed a greater mummy
 79721 | Zig:11   | XOM: summons 14 friendly demons
 79722 | Zig:11   | XOM: fog
 79724 | Zig:11   | XOM: divine lightning
 79736 | Zig:11   | XOM: destruction
 79762 | Zig:11   | Identified the Reference Book on Venomous Hexes
 79785 | Zig:11   | Identified the Collected Works on Air and Battle Magic
 79802 | Zig:12   | Entered Level 12 of a ziggurat
 79820 | Zig:12   | Reached skill level 15 in Earth Magic
 79823 | Zig:12   | XOM: enchant monster (good)
 79826 | Zig:12   | Lost mutation: Your body often deteriorates upon taking
                  | damage. [evolution]
 79826 | Zig:12   | Lost mutation: You evolve. [end of evolution]
 79890 | Zig:12   | Identified the Guide on the Harmful Volcanoes
 79904 | Zig:12   | Identified Kurien's Almanac of Assistive Transmigration
 79967 | Zig:13   | Entered Level 13 of a ziggurat
 79997 | Zig:13   | XOM: summons friendly iron imp
 80002 | Zig:13   | Reached skill level 16 in Earth Magic
 80015 | Zig:13   | Found the +8 demon trident "Rift" {distort, reach+}
 80139 | Zig:13   | Got a shimmering golden ring
 80144 | Zig:13   | Identified the ring "Mynnehiw" {Fire rElec rPois} (You
                  | found it on level 13 of a ziggurat)
 80146 | Zig:13   | Got a scintillating lapis lazuli ring
 80149 | Zig:13   | Identified the ring of Gaokaf {rElec MR+ Dex+8} (You found
                  | it on level 13 of a ziggurat)
 80170 | Zig:14   | Entered Level 14 of a ziggurat
 80187 | Zig:14   | Reached skill level 17 in Earth Magic
 80189 | Zig:14   | XOM: destruction
 80218 | Zig:14   | Identified Nijueh's Disquisition on Summoning
 80312 | Zig:14   | Got a warped silver amulet
 80315 | Zig:14   | Identified the amulet "Qeaj" {+Rage Str+2 SInv} (You found
                  | it on level 14 of a ziggurat)
 80346 | Zig:15   | Entered Level 15 of a ziggurat
 80359 | Zig:15   | XOM: scenery: create altars
 80388 | Zig:15   | Reached skill level 18 in Earth Magic
 80526 | Zig:16   | Entered Level 16 of a ziggurat
 80533 | Zig:16   | Noticed a greater mummy
 80533 | Zig:16   | XOM: summons 1 hostile demon
 80534 | Zig:16   | Noticed a greater mummy
 80535 | Zig:16   | Noticed a greater mummy
 80535 | Zig:16   | Noticed a greater mummy
 80536 | Zig:16   | Noticed a greater mummy
 80542 | Zig:16   | Noticed a greater mummy
 80544 | Zig:16   | Killed a greater mummy
 80546 | Zig:16   | Noticed a greater mummy
 80551 | Zig:16   | Killed a greater mummy
 80552 | Zig:16   | XOM: confuse monster(s)
 80555 | Zig:16   | XOM: divination: magic mapping
 80555 | Zig:16   | Killed a greater mummy
 80566 | Zig:16   | Killed a greater mummy
 80568 | Zig:16   | Killed a greater mummy
 80568 | Zig:16   | Reached skill level 19 in Earth Magic
 80570 | Zig:16   | Killed a greater mummy
 80576 | Zig:16   | Killed a greater mummy
 80599 | Zig:16   | Identified the Incunabulum of Aid and Flames
 80643 | Zig:16   | Identified Onwowic's Almanac of Boosting Transmigration
 80656 | Zig:16   | XOM: harmless Chrm miscast
 80695 | Zig:17   | Entered Level 17 of a ziggurat
 80710 | Zig:17   | Noticed an ancient lich
 80710 | Zig:17   | Noticed an ancient lich
 80716 | Zig:17   | XOM: enchant monster (good)
 80719 | Zig:17   | Noticed an ancient lich
 80724 | Zig:17   | Killed an ancient lich
 80724 | Zig:17   | XOM: summons 2 friendly demons
 80728 | Zig:17   | Killed an ancient lich
 80743 | Zig:17   | XOM: mild Air miscast
 80747 | Zig:17   | Killed an ancient lich
 80747 | Zig:17   | Reached skill level 20 in Earth Magic
 80780 | Zig:17   | Identified Sif Muna's Incunabulum of the Thirteen Gods
 80861 | Zig:17   | Got a bound ivory ring
 80864 | Zig:17   | Identified the ring "Yfoebbea" {MP+9 Int+5} (You found it
                  | on level 17 of a ziggurat)
 80886 | Zig:18   | Entered Level 18 of a ziggurat
 80907 | Zig:18   | XOM: cast spell 'Ring of Flames'
 80915 | Zig:18   | XOM: divination: detect creatures
 80927 | Zig:18   | Paralysed by a floating eye for 3 turns
 80955 | Zig:18   | Paralysed by a floating eye for 3 turns
 81038 | Zig:18   | Identified the Handbook of Clay and Air
 81045 | Zig:18   | Identified First Steps in Witchery
 81080 | Zig:19   | Entered Level 19 of a ziggurat
 81089 | Zig:19   | XOM: confuse monster(s)
 81104 | Zig:19   | XOM: divination: magic mapping
 81136 | Zig:19   | Reached skill level 13 in Translocations
 81183 | Zig:19   | XOM: potion effect (invisibility)
 81277 | Zig:19   | Found the +7 lajatang of Order {silver, rMut}
 81301 | Zig:19   | Got a smoking copper ring
 81304 | Zig:19   | Identified the ring of Incredulity {+Fly rC+ rN+ Dex+2}
                  | (You found it on level 19 of a ziggurat)
 81324 | Zig:19   | XOM: silly message
 81335 | Zig:20   | Entered Level 20 of a ziggurat
 81362 | Zig:20   | XOM: divination: magic mapping
 81368 | Zig:20   | Reached skill level 14 in Translocations
 81373 | Zig:20   | XOM: summons friendly white imp
 81394 | Zig:20   | XOM: potion effect (haste)
 81400 | Zig:20   | XOM: confuse monster(s)
 81407 | Zig:20   | XOM: summons friendly crimson imp
 81424 | Zig:20   | HP: 16/201 [emperor scorpion (27)]
 81424 | Zig:20   | Mangled by an emperor scorpion

Levels and vault maps discovered:
D:1:      ncdulo_smallfort, layout_rooms
D:2:      layout_loops_cross, serial_forest, infiniplex_forest_join,
          infiniplex_forest_lined_room_3, infiniplex_forest_end_double,
          infiniplex_forest_straight_5, infiniplex_forest_lined_2,
          infiniplex_forest_zigzag_1, uniq_terence, uniq_robin
D:3:      layout_loops_cross, nemelex_xobeh_ov_fountains_minmay,
          kennysheep_nondescript
D:4:      layout_loops_cross, minmay_temple_entry_overgrown
D:5:      layout_basic, first_ration
D:6:      lemuel_ratsnest, layout_basic, gammafunk_ghost_cemetery
D:7:      layout_gridville
D:8:      layout_rooms, uniq_pikel, uniq_psyche, uniq_erica
D:9:      minmay_separated_statues, layout_basic, ebering_ghost_rock_garden,
          hangedman_pestilent_swarm, nicolae_ru_the_path_less_chosen
D:10:     minmay_goldmine, layout_stronghold
D:11:     layout_loops_cross, dpeg_oklobed_lair, lemuel_altar_in_water
D:12:     layout_stronghold, serial_column_ruins, column_ruins_square_medium,
          column_ruins_columns_corner, column_ruins_grid_1,
          column_ruins_open_large, column_ruins_corridor_straight,
          column_ruins_open_small, uniq_fannar
D:13:     layout_loops_ring, grunt_vaults_entry_tiered, lightli_airlock
D:14:     layout_long_grid, nicolae_benzene_ring
D:15:     grunt_enter_depths_hoard, layout_cave_pools, serial_co_window_serial,
          co_window_paths_a, co_window_paths_a, co_window_corner_a,
          co_window_corner_a, co_window_paths_a, co_window_cross_4,
          co_window_broadway_a, co_window_broadway_c, co_window_4corner_a,
          co_window_paths_e, glass_columns_c, glass_columns_a, glass_columns_b,
          lemuel_flame_loot_1
Temple:   nicolae_temple_the_god_donut
Lair:1:   layout_cave_pods, basic_altar, uniq_nergalle
Lair:2:   layout_misc_corridors, chequers_serial_rivers_room_a,
          eino_small_chamber_without_monster, lemuel_fruit_tree
Lair:3:   layout_loops_ring, minmay_swamp_entry_worms,
          minmay_snake_entry_guardpost_small, infiniplex_staircase_pool_2
Lair:4:   layout_gridlike
Lair:5:   layout_concentric_octagons, minmay_slime_entry_pillars,
          grunt_megastairs_2
Lair:6:   gammafunk_lair_ancient_temple, layout_big_grid,
          chequers_serial_rivers_micro_e, st_stairs_10
Swamp:1:  layout_falls_marsh, evilmike_swamp_ruin_rubble_2
Swamp:2:  layout_falls_marsh, evilmike_swamp_ruin_house_4,
          infiniplex_staircase_pool
Swamp:3:  layout_basic_swamp, nicolae_swamp_little_tower, uniq_donald
Swamp:4:  swamp_basic_johnstein, layout_basic_swamp
Snake:1:  dpeg_oklob_gauntlet, layout_basic, grunt_megastairs_5
Snake:2:  layout_onion, serial_shops, shop_fountains
Snake:3:  layout_cave_town, grunt_ministairs_5, uniq_agnes, uniq_aizul
Snake:4:  snake_pit, layout_basic, drop_trap
Orc:1:    layout_diamond_mine
Orc:2:    grunt_orc_gardens, layout_caves, grunt_orc_garden, grunt_orc_garden,
          grunt_orc_garden, grunt_orc_garden
Elf:1:    eino_elf_arrival_customs, layout_gridlike, serial_shops, shop,
          hangedman_elf_disciples, uniq_nikola
Elf:2:    layout_geoelf_octagon, portal_desolation_entry_garden, serial_shops,
          shop, gammafunk_ghost_split
Elf:3:    minmay_elf_hall_statues, layout_loops_ring, st_stairs_14,
          uniq_saint_roka
Vaults:1: ontoclasm_vaults_water_temple, nicolae_vaults_shelves_hall,
          nicolae_vaults_border_crossing, ontoclasm_vaults_twist, v_misc_19,
          nicolae_vaults_mini_display_case, hangedman_vaults_restitches,
          hangedman_vaults_cutoff, nicolae_vaults_network_s,
          nicolae_vaults_three_branches, layout_vaults_ring
Vaults:2: hangedman_vaults_hard_town_square, minmay_crypt_entry_necro_gods,
          vaults_room_hallway, ontoclasm_vaults_pinch, v_misc_8,
          grunt_vaults_trifunnel, v_misc_27, nicolae_vaults_specimen_jars,
          v_rooms_3, grunt_vaults_bifocal, v_pattern_3,
          ontoclasm_vaults_ring_small, hangedman_vaults_capsules,
          nicolae_vaults_little_ls, layout_vaults_maze_bifur, basic_altar
Vaults:3: v_misc_12, serial_ice_h, v_misc_10, hangedman_vaults_snaps,
          ontoclasm_vaults_spin, layout_vaults_chaotic_city, serial_shops, shop
Vaults:4: ontoclasm_vaults_eye, nicolae_vaults_little_squares_6, v_misc_18,
          v_misc_1, v_pattern_2, grunt_vaults_focal, vaults_mumra_lcd,
          vaults_room_stairs_pillars, v_misc_8, ontoclasm_vaults_bender,
          hangedman_vaults_slice, hangedman_vaults_hat,
          ontoclasm_vaults_claustrophobia, nicolae_vaults_diagonal_hallway_6,
          layout_vaults_omnibox, uniq_frederick
Vaults:5: uniq_boris, uniq_jory, uniq_mara, uniq_sojobo
Crypt:1:  layout_chaotic_city, uniq_mennas
Crypt:2:  layout_rooms, moated_statue
Crypt:3:  evilmike_haunted_forest, uniq_margery
Depths:1: layout_basic, abyss_entry, chequers_serial_rivers_room_a, hell_entry,
          hangedman_summoners_spam
Depths:2: hourglass_vault, layout_basic, minmay_misc_feat_enclosed,
          marbit_kobold_abyss_entry, hell_entry
Depths:3: hangedman_pleasuredromes, pan_entry, hell_entry
Depths:4: minmay_fractal_lines_corner, layout_basic, minmay_stone_trees_small,
          serial_curves, eino_curves_01, eino_curves_02,
          abyss_entry_small_statue_room, pf_dread_powers_of_hell,
          serial_bayou_shore_a
Depths:5: evilmike_zot_entry_hall, layout_gridlike, grunt_mini_vestibule,
          abyss_entry, chequers_serial_rivers_micro_a
Hell
Dis:1:    layout_subdivisions
Dis:2:    layout_subdivisions
Dis:3:    layout_gridville, evilmike_ambush [evilmike_ambush_outer_doors,
          evilmike_ambush_inner_basic]
Dis:4:    layout_overlapping_boxes, evilmike_ambush
          [evilmike_ambush_outer_basic, evilmike_ambush_inner_wall_1]
Dis:5:    layout_subdivisions
Dis:6:    layout_chaotic_city, grunt_megastairs_3
Dis:7:    dis_grunt_layers
Geh:1:    layout_gehenna_pools_triple
Geh:2:    layout_gehenna_lava_caves
Geh:3:    layout_gehenna_pools_basic
Geh:4:    layout_gehenna_lava_caves
Geh:5:    layout_gehenna_lava_caves
Geh:6:    layout_gehenna_pools_basic
Geh:7:    geh_grunt
Coc:1:    layout_cocytus_water_paths
Coc:2:    layout_cocytus_water_paths
Coc:3:    layout_cocytus_water_paths
Coc:4:    layout_cocytus_water_paths
Coc:5:    layout_ice_bergs
Coc:6:    layout_ice_bergs
Coc:7:    coc_hangedman
Tar:1:    layout_catacombs
Tar:2:    layout_catacombs
Tar:3:    layout_catacombs, nicolae_tar_cuneiform_bird,
          hangedman_mysterious_dungeon_monster_house
Tar:6:    minmay_shadows, layout_catacombs
Tar:7:    tar_grunt_cathedral
Zot:1:    layout_misc_corridors, grunt_ministairs_8
Zot:2:    layout_cathedral_of_symmetry, lemuel_baited_zot_trap, st_stairs_11
Zot:3:    layout_misc_corridors, grunt_ministairs_10
Zot:4:    layout_onion
Zot:5:    layout_misc_corridors
Zig:20

Skill      XL: |  1  2  3  4  5  6  7  8  9 10 11 12 13 14 15 16 17 18 19 20 21 22 23 24 25 26 27 |
---------------+----------------------------------------------------------------------------------+-----
Stealth        | 1 2 3 4 5 6 7 9 10 13 15 | 15.0
Dodging        | 4 5 6 7 8 9 10 11 13 14 15 22 | 22.0
Shields        | 4 5 6 7 8 9 10 11 13 14 15 16 17 19 20 25 | 25.0
Fighting       | 4 5 6 7 8 9 10 11 12 13 14 15 17 20 | 20.0
Short Blades   | 1 2 4 5 6 |  6.3
Evocations     | 4 6 8 10 | 10.0
Long Blades    | 3 6 7 9 10 11 12 | 12.8
Conjurations   | 1 4 |  4.0
Poison Magic   | 2 6 |  6.0
Charms         | 2 4 8 |  8.0
Necromancy     | 1 4 8 23 | 23.4
Fire Magic     | 1 4 |  4.1
Air Magic      | 1 4 8 |  8.0
Spellcasting   | 1 4 7 8 9 10 20 | 20.0
Hexes          | 1 5 |  5.0
Polearms       | 2 11 12 | 12.0
Summonings     | 4 8 12 | 12.1
Earth Magic    | 6 10 20 | 20.8
Transmutations | 4 10 18 | 18.0
Translocations | 14 | 14.6

Action                   |  1- 3 |  4- 6 |  7- 9 | 10-12 | 13-15 | 16-18 | 19-21 | 22-24 | 25-27 || total
-------------------------+-------+-------+-------+-------+-------+-------+-------+-------+-------++-------
Melee: Long sword        |    66 |    65 |       |       |       |       |       |       |       ||   131
       Constrict         |    25 |    28 |    38 |    91 |   138 |    92 |   125 |   214 |   823 ||  1574
       Tentacles         |    14 |    30 |    55 |   152 |   276 |   486 |   478 |   453 |  1733 ||  3677
       Dagger            |       |    36 |   218 |   373 |    21 |    12 |       |     9 |     3 ||   672
       Scimitar          |       |       |       |   242 |  1058 |  1087 |   155 |       |       ||  2542
       Kick              |       |       |       |    30 |   420 |       |   464 |   476 |  2645 ||  4035
       Peck              |       |       |       |       |    23 |   491 |   496 |   499 |  1811 ||  3320
       Lance             |       |       |       |       |       |   140 |  1118 |  1714 |  5866 ||  8838
       Short sword       |       |       |       |       |       |       |    16 |       |    13 ||    29
       Staff             |       |       |       |       |       |       |       |       |   286 ||   286
Throw: Dart              |       |       |       |       |     1 |       |       |       |       ||     1
       Javelin           |       |       |       |       |       |     1 |       |       |       ||     1
 Cast: Regeneration      |       |       |       |       |    33 |   112 |    95 |    26 |   139 ||   405
       Mephitic Cloud    |       |       |       |       |    11 |     2 |    10 |     2 |       ||    25
       Conjure Flame     |       |       |       |       |       |     1 |     2 |       |       ||     3
       Animate Skeleton  |       |       |       |       |       |    20 |     3 |       |     1 ||    24
       Song of Slaying   |       |       |       |       |       |     1 |     2 |    30 |    35 ||    68
       Shroud of Golubri |       |       |       |       |       |     1 |       |       |     1 ||     2
       Blink             |       |       |       |       |       |       |     2 |       |     1 ||     3
       Statue Form       |       |       |       |       |       |       |       |    10 |   126 ||   136
       Aura of Abjuratio |       |       |       |       |       |       |       |     1 |     9 ||    10
       Lesser Beckoning  |       |       |       |       |       |       |       |       |    48 ||    48
       Infestation       |       |       |       |       |       |       |       |       |    21 ||    21
       Borgnjor's Vile C |       |       |       |       |       |       |       |       |    16 ||    16
       Necromutation     |       |       |       |       |       |       |       |       |     9 ||     9
       Cause Fear        |       |       |       |       |       |       |       |       |     1 ||     1
 Abil: End Transformatio |       |       |       |       |       |       |       |       |     6 ||     6
       Evoke Invisibilit |       |       |       |       |       |       |       |       |     1 ||     1
Evoke: Wand              |       |       |       |     2 |    12 |     5 |    15 |       |    10 ||    44
       Box of beasts     |       |       |       |       |       |       |     1 |       |     1 ||     2
  Use: Scroll            |       |     4 |     5 |    16 |    16 |     7 |    10 |     4 |    27 ||    89
       Potion            |       |       |       |     3 |     6 |     8 |    12 |     2 |    28 ||    59
 Stab: Sleeping          |     7 |     4 |    12 |    28 |    36 |    32 |    24 |    69 |    99 ||   311
       Distracted        |       |       |     2 |     3 |     7 |     7 |    12 |     7 |    51 ||    89
       Petrified         |       |       |       |       |     4 |     2 |       |    11 |     6 ||    23
       Paralysed         |       |       |       |       |     4 |       |       |     3 |     1 ||     8
       Confused          |       |       |       |       |    15 |     6 |    21 |     3 |    22 ||    67
       Fleeing           |       |       |       |       |     1 |       |       |       |       ||     1
       Invisible         |       |       |       |       |     4 |       |       |       |    26 ||    30
       Petrifying        |       |       |       |       |       |     2 |     4 |       |     3 ||     9
  Eat: Chunk             |     1 |     6 |     6 |    18 |    34 |    24 |    30 |    28 |    40 ||   187
       Ration            |       |       |     2 |     1 |     5 |     7 |     3 |     3 |    32 ||    53
Armor: Skin              |     8 |     4 |    24 |    20 |    62 |    54 |    15 |    29 |   626 ||   842
Dodge: Dodged            |    30 |    26 |    50 |   156 |   355 |   484 |   253 |   277 |  2932 ||  4563
Block: Shield            |    23 |    44 |    74 |   110 |       |       |       |       |       ||   251
       Large shield      |       |       |       |   217 |  1289 |  1699 |   972 |  1051 |  7351 || 12579
       Rpst.: Long sword |    11 |     6 |       |       |       |       |       |       |       ||    17
       Scimitar          |       |       |       |    12 |    75 |    48 |     6 |       |       ||   141

Table legend:
 A = Non-vault XP
 B = Vault XP
 C = Vault XP percentage of total XP
 D = Non-vault monster count
 E = Vault monster count
 F = Vault count percentage of total count
                 A         B        C        D         E       F
            +---------+---------+-------+---------+---------+-------
      Total | 1986243 | 1290875 |  39.4 |    3103 |    1297 |  29.5
            +---------+---------+-------+---------+---------+-------
        D:1 |      19 |       0 |   0.0 |      10 |       0 |   0.0
        D:2 |      49 |      75 |  60.5 |      20 |      14 |  41.2
        D:3 |     114 |       0 |   0.0 |      24 |       0 |   0.0
        D:4 |     377 |       0 |   0.0 |      14 |       0 |   0.0
        D:5 |     507 |       0 |   0.0 |      20 |       0 |   0.0
        D:6 |     730 |    1124 |  60.6 |      14 |      33 |  70.2
        D:7 |     790 |       0 |   0.0 |      19 |       0 |   0.0
        D:8 |    1703 |    1624 |  48.8 |      19 |       3 |  13.6
        D:9 |    1180 |    1789 |  60.3 |      26 |       6 |  18.8
       D:10 |    3415 |     242 |   6.6 |      34 |      11 |  24.4
       D:11 |    4805 |    2631 |  35.4 |      34 |       2 |   5.6
       D:12 |    2581 |     965 |  27.2 |      35 |       1 |   2.8
       D:13 |    4640 |   13718 |  74.7 |      27 |      35 |  56.5
       D:14 |    5556 |       0 |   0.0 |      20 |       0 |   0.0
       D:15 |    9767 |    2324 |  19.2 |      26 |       2 |   7.1
     Lair:1 |    4958 |     812 |  14.1 |      24 |       1 |   4.0
     Lair:2 |    5046 |       0 |   0.0 |      18 |       0 |   0.0
     Lair:3 |    6440 |    1417 |  18.0 |      22 |       8 |  26.7
     Lair:4 |    6916 |       0 |   0.0 |      15 |       0 |   0.0
     Lair:5 |    3347 |    1851 |  35.6 |      13 |       8 |  38.1
     Lair:6 |    9907 |    9795 |  49.7 |      41 |      27 |  39.7
    Swamp:1 |   12399 |       0 |   0.0 |      29 |       0 |   0.0
    Swamp:2 |    7739 |       0 |   0.0 |      16 |       0 |   0.0
    Swamp:3 |   10290 |    1845 |  15.2 |      25 |       1 |   3.8
    Swamp:4 |    9560 |   23499 |  71.1 |      29 |      34 |  54.0
    Snake:1 |   20981 |    1681 |   7.4 |      39 |       4 |   9.3
    Snake:2 |   14287 |       0 |   0.0 |      23 |       0 |   0.0
    Snake:3 |   18670 |    5212 |  21.8 |      37 |       4 |   9.8
    Snake:4 |   15991 |   34047 |  68.0 |      30 |      50 |  62.5
      Orc:1 |    7453 |       0 |   0.0 |      37 |       0 |   0.0
      Orc:2 |    1425 |    8263 |  85.3 |      18 |      27 |  60.0
      Elf:1 |   11838 |    9648 |  44.9 |      18 |      14 |  43.8
      Elf:2 |   26033 |   29441 |  53.1 |      44 |      35 |  44.3
      Elf:3 |   14947 |   46817 |  75.8 |      23 |      44 |  65.7
   Vaults:1 |   54826 |   21147 |  27.8 |      96 |      36 |  27.3
   Vaults:2 |   33631 |   28401 |  45.8 |      64 |      49 |  43.4
   Vaults:3 |   46712 |    6027 |  11.4 |      70 |      12 |  14.6
   Vaults:4 |    9632 |   22504 |  70.0 |      18 |      25 |  58.1
   Vaults:5 |   53658 |  143879 |  72.8 |      72 |      96 |  57.1
    Crypt:1 |   31800 |    7034 |  18.1 |      46 |       1 |   2.1
    Crypt:2 |   28115 |       0 |   0.0 |      32 |       0 |   0.0
    Crypt:3 |       0 |   81740 | 100.0 |       0 |     108 | 100.0
   Depths:1 |   39259 |   17895 |  31.3 |      59 |      26 |  30.6
   Depths:2 |   41674 |   11489 |  21.6 |      53 |      10 |  15.9
   Depths:3 |    2846 |   99886 |  97.2 |      11 |      92 |  89.3
   Depths:4 |   40890 |   13616 |  25.0 |      42 |      10 |  19.2
   Depths:5 |   38071 |   20894 |  35.4 |      41 |      16 |  28.1
       Hell |   18705 |   34328 |  64.7 |      26 |      51 |  66.2
      Dis:1 |    8033 |       0 |   0.0 |      23 |       0 |   0.0
      Dis:2 |   34773 |       0 |   0.0 |      56 |       0 |   0.0
      Dis:3 |    9711 |   12388 |  56.1 |      25 |      23 |  47.9
      Dis:5 |   14548 |       0 |   0.0 |      27 |       0 |   0.0
      Dis:6 |   15070 |       0 |   0.0 |      30 |       0 |   0.0
      Dis:7 |   64233 |  116690 |  64.5 |      97 |      77 |  44.3
      Geh:1 |   28255 |       0 |   0.0 |      49 |       0 |   0.0
      Geh:2 |    4571 |       0 |   0.0 |      11 |       0 |   0.0
      Geh:4 |   13850 |       0 |   0.0 |      20 |       0 |   0.0
      Geh:5 |   23218 |       0 |   0.0 |      48 |       0 |   0.0
      Geh:7 |   42959 |   49177 |  53.4 |      80 |      38 |  32.2
      Coc:1 |   22979 |       0 |   0.0 |      42 |       0 |   0.0
      Coc:2 |    5842 |       0 |   0.0 |      16 |       0 |   0.0
      Coc:3 |   19913 |       0 |   0.0 |      38 |       0 |   0.0
      Coc:4 |   22199 |       0 |   0.0 |      33 |       0 |   0.0
      Coc:5 |   17825 |       0 |   0.0 |      31 |       0 |   0.0
      Coc:6 |   25162 |       0 |   0.0 |      44 |       0 |   0.0
      Coc:7 |   74040 |   73009 |  49.6 |      76 |      70 |  47.9
      Tar:1 |   70681 |       0 |   0.0 |      79 |       0 |   0.0
      Tar:2 |   23812 |       0 |   0.0 |      31 |       0 |   0.0
      Tar:6 |   38418 |     647 |   1.7 |      23 |       3 |  11.5
      Tar:7 |   79813 |  104031 |  56.6 |      89 |      50 |  36.0
      Zot:1 |   14945 |    1656 |  10.0 |       9 |       2 |  18.2
      Zot:2 |   38221 |    2807 |   6.8 |      23 |       4 |  14.8
      Zot:3 |   85529 |    4476 |   5.0 |      51 |       2 |   3.8
      Zot:4 |   10437 |       0 |   0.0 |      11 |       0 |   0.0
      Zot:5 |   82394 |  158634 |  65.8 |      55 |      41 |  42.7
    Abyss:1 |   26443 |       0 |   0.0 |      28 |       0 |   0.0
    Abyss:2 |   14507 |       0 |   0.0 |      17 |       0 |   0.0
    Abyss:4 |    6680 |    1493 |  18.3 |      11 |       4 |  26.7
    Abyss:5 |   10613 |   11664 |  52.4 |      24 |       7 |  22.6
      Zig:1 |    1429 |       0 |   0.0 |       1 |       0 |   0.0
      Zig:2 |    1510 |       0 |   0.0 |       4 |       0 |   0.0
      Zig:3 |    4562 |       0 |   0.0 |       3 |       0 |   0.0
      Zig:4 |    6168 |       0 |   0.0 |       5 |       0 |   0.0
      Zig:5 |    5832 |    2379 |  29.0 |      17 |       4 |  19.0
      Zig:6 |    9790 |       0 |   0.0 |       8 |       0 |   0.0
      Zig:7 |   10319 |       0 |   0.0 |      10 |       0 |   0.0
      Zig:8 |   12027 |       0 |   0.0 |      19 |       0 |   0.0
      Zig:9 |   14144 |       0 |   0.0 |      12 |       0 |   0.0
     Zig:10 |   15979 |    2081 |  11.5 |      12 |       4 |  25.0
     Zig:11 |   13996 |       0 |   0.0 |      26 |       0 |   0.0
     Zig:12 |   21114 |       0 |   0.0 |      16 |       0 |   0.0
     Zig:13 |   21661 |       0 |   0.0 |      18 |       0 |   0.0
     Zig:14 |   17193 |       0 |   0.0 |      33 |       0 |   0.0
     Zig:15 |   23168 |       0 |   0.0 |      36 |       0 |   0.0
     Zig:16 |   45957 |       0 |   0.0 |      48 |       0 |   0.0
     Zig:17 |   53543 |       0 |   0.0 |      28 |       0 |   0.0
     Zig:18 |   21070 |       0 |   0.0 |      41 |       0 |   0.0
     Zig:19 |   31358 |       0 |   0.0 |      52 |       0 |   0.0
     Zig:20 |   21470 |       0 |   0.0 |      44 |       0 |   0.0
 Desolation |       0 |   42083 | 100.0 |       0 |      72 | 100.0
            +---------+---------+-------+---------+---------+-------
